 Dungeon Crawl Stone Soup version 0.22-a0-422-g9628fc8 (webtiles) character file.

24976244 4thArraOfDagon the Apostle (level 27, 235/235 (245) HPs)
             Began as a Hill Orc Enchanter on May 17, 2018.
             Was a High Priest of Beogh.
             Escaped with the Orb
             ... and 15 runes on May 18, 2018!
             The game lasted 06:51:14 (59999 turns).

4thArraOfDagon the Apostle (Hill Orc Enchanter)    Turns: 59999, Time: 06:51:14

HP:   235/235 (245) AC: 20    Str: 24    XL:     27
MP:   40/40         EV: 38    Int: 28    God:    Beogh [*****.]
Gold: 30            SH:  0    Dex: 19    Spells: 3/52 levels left

rFire    + . .     SeeInvis +   e - staff of energy {!a}
rCold    + . .     Gourm    .   (no shield)
rNeg     + . .     Faith    .   v - +7 leather armour of the Albatross {Regen+ Str+4}
rPois    .         Spirit   .   C - +0 mask of the Dragon {MR+ Slay+3 SInv}
rElec    +         Reflect  .   R - scarf {rC+ rF+}
rCorr    .         Harm     .   h - +2 pair of gloves of Dithmenos's Esteem {Stlth+}
MR       +++++     Clarity  +   O - +2 pair of boots of the Assassin {Detection Stab+ Stlth++}
Stlth    ++........             P - amulet of the Four Winds {rN+ MR+++ Clar}
HPRegen  1.29/turn              S - ring "Nypaluss" {rElec AC+1 Str+3 Int+4}
MPRegen  0.27/turn              f - ring of the Lily {rElec EV+6 Str+2 Dex+8 Stlth+}

@: no status effects
A: walk on water, fangs 1, horns 1, repulsion field 1, thin metallic scales 1,
frail 1, regeneration 1
0: Orb of Zot
}: 15/15 runes: decaying, slimy, silver, golden, iron, obsidian, icy, bone,
abyssal, demonic, glowing, magical, fiery, dark, gossamer
a: Smiting, Recall Orcish Followers, Give Item to Named Follower, Renounce
Religion


You escaped.
You worshipped Beogh.
Beogh was extremely pleased with you.
You were very full.

You visited 17 branches of the dungeon, and saw 87 of its levels.
You visited Pandemonium 2 times, and saw 15 of its levels.
You visited the Abyss 4 times.
You visited 1 ziggurat, and saw 14 of its levels.
You also visited: Labyrinth, Ossuary, Ice Cave and Wizlab.

You collected 7082 gold pieces.
You spent 7052 gold pieces at shops.

Inventory:

Hand Weapons
 i - a +9 executioner's axe of flaming
 D - a +9 executioner's axe of electrocution
Missiles
 V - 4 throwing nets (quivered)
Armour
 h - the +2 pair of gloves of Dithmenos's Esteem (worn) {Stlth+}
   (You acquired it on level 5 of the Realm of Zot)

   It makes you more stealthy.
 v - the +7 leather armour of the Albatross (worn) {Regen+ Str+4}
   (You found it on level 10 of a ziggurat)

   It affects your strength (+4).
   It increases your rate of regeneration.
 C - the +0 mask of the Dragon (worn) {MR+ Slay+3 SInv}
   (You found it on level 2 of the Realm of Zot)

   It affects your accuracy and damage with ranged weapons and melee attacks
   (+3).
   It affects your resistance to hostile enchantments.
   It lets you see invisible.
 O - the +2 pair of boots of the Assassin (worn) {Detection Stab+ Stlth++}
   (You acquired it on level 2 of the Depths)

   It makes you much more stealthy.
 R - a scarf of resistance (worn)
Magical Staves
 b - an uncursed staff of fire
 e - an uncursed staff of energy (weapon) {!a}
 E - an uncursed staff of earth
Jewellery
 f - the ring of the Lily (right hand) {rElec EV+6 Str+2 Dex+8 Stlth+}
   (You took it off a deep elf elementalist on level 5 of the Vaults)

   [ring of evasion]

   It affects your evasion (+6).
   It affects your strength (+2).
   It affects your dexterity (+8).
   It insulates you from electricity.
   It makes you more stealthy.
 j - the ring "Tovau" {rCorr Str+3 Stlth+}
   (You found it on level 9 of a ziggurat)

   [ring of resist corrosion]

   It affects your strength (+3).
   It makes you more stealthy.
 I - the ring of Hivvykly {*Tele rF+++ Str+4 Int+3 Dex-2}
   (You found it on level 3 of the Tomb of the Ancients)

   [ring of teleportation]

   It may teleport you next to monsters.
   It affects your strength (+4).
   It affects your intelligence (+3).
   It affects your dexterity (-2).
   It renders you almost immune to fire.
 J - an uncursed ring of positive energy
 K - the ring of Robustness {AC+8}
   (You found it on level 3 of the Elven Halls)

   [ring of protection]

   It affects your AC (+8).
 P - the amulet of the Four Winds (around neck) {rN+ MR+++ Clar}
   (You found it on level 5 of the Vaults)

   [amulet of nothing]

   It protects you from negative energy.
   It affects your resistance to hostile enchantments.
   It protects you against confusion.
 S - the ring "Nypaluss" (left hand) {rElec AC+1 Str+3 Int+4}
   (You found it on level 3 of the Depths)

   [ring of protection]

   It affects your AC (+1).
   It affects your strength (+3).
   It affects your intelligence (+4).
   It insulates you from electricity.
Wands
 q - a wand of digging (19)
 r - a wand of acid (68)
 w - a wand of clouds (18)
 X - a wand of iceblast (48)
Scrolls
 a - 3 scrolls of identify
 k - 13 scrolls of remove curse
 n - 4 scrolls of fog
 t - 3 scrolls of blinking
 H - 7 scrolls of teleportation
 M - 5 scrolls of amnesia
 N - 5 scrolls of fear
 W - 6 scrolls of immolation
Potions
 c - 4 potions of berserk rage
 l - 13 potions of flight
 m - 2 potions of resistance
 p - 6 potions of heal wounds
 s - 3 potions of agility
 u - 18 potions of curing
 y - 4 potions of invisibility
 z - 8 potions of mutation
 A - 6 potions of magic
 B - 4 potions of cancellation
 G - 6 potions of ambrosia
 L - 4 potions of brilliance
 Q - 3 potions of haste
 Z - 7 potions of might
Miscellaneous
 g - a lamp of fire
 o - a box of beasts
 x - a figurine of a ziggurat
 F - 2 phantom mirrors
 U - a phial of floods
 Y - a lightning rod (4/4)
Comestibles
 d - 23 rations


   Skills:
 O Level 27 Fighting
   Level 3.1 Short Blades
 O Level 27 Axes
 - Level 8.2 Armour
 * Level 21.2 Dodging
 - Level 2.4 Stealth
 - Level 13.0 Spellcasting
   Level 4.0 Conjurations
   Level 3.0 Hexes
 - Level 4.0 Charms
 - Level 4.0 Necromancy
 - Level 19.4 Translocations
 - Level 7.4 Transmutations
 - Level 20.0 Fire Magic
 - Level 15.5 Earth Magic
 O Level 27 Invocations
 - Level 12.4 Evocations


You had 3 spell levels left.
You knew the following spells:

 Your Spells              Type           Power        Failure   Level  Hunger
a - Borgnjor's Vile Clut  Necr/Erth      ######....   1%          5    None
b - Statue Form           Tmut/Erth      ######...    4%          6    None
c - Regeneration          Chrm/Necr      #####.....   1%          3    None
d - Controlled Blink      Tloc           N/A          8%          8    None
e - Lee's Rapid Deconstr  Erth           #######...   1%          5    None
f - Passwall              Tmut/Erth      ######....   1%          2    None
h - Ignition              Fire           #######...   6%          8    None
i - Apportation           Tloc           ######       0%          1    None
j - Swiftness             Chrm/Air       ####....     2%          2    None
k - Passage of Golubria   Tloc           N/A          0%          4    None
l - Lesser Beckoning      Tloc           #######...   0%          3    None
m - Sublimation of Blood  Necr           #####.....   1%          2    None

Your spell library contained the following spells:

 Spells                   Type           Power        Failure   Level  Hunger
 Cause Fear               Hex            #####.....   10%         4    None
 Magic Dart               Conj           ####         1%          1    None
 Fireball                 Conj/Fire      ######....   1%          5    None
 Conjure Flame            Conj/Fire      ######..     1%          3    None
 Bolt of Fire             Conj/Fire      ######....   3%          6    None
 Bolt of Cold             Conj/Ice       ####......   91%         6    None
 Lightning Bolt           Conj/Air       ####......   36%         5    None
 Bolt of Magma            Conj/Fire/Erth #######...   1%          5    None
 Slow                     Hex            #####...     1%          2    None
 Confuse                  Hex            #####...     2%          3    None
 Invisibility             Hex            #####...     82%         6    None
 Throw Flame              Conj/Fire      ######       1%          2    None
 Throw Frost              Conj/Ice       ####..       2%          2    None
 Freezing Cloud           Conj/Ice/Air   ####......   96%         6    None
 Mephitic Cloud           Conj/Pois/Air  ####....     5%          3    None
 Ring of Flames           Chrm/Fire      ######....   21%         7    None
 Venom Bolt               Conj/Pois      ####......   36%         5    None
 Olgreb's Toxic Radiance  Pois           ###.....     32%         4    None
 Teleport Other           Tloc           #######.     0%          3    None
 Death's Door             Chrm/Necr      #####.....   100%        8    None
 Summon Small Mammal      Summ           ###.         3%          1    None
 Lehudib's Crystal Spear  Conj/Erth      ######....   98%         8    None
 Fire Storm               Conj/Fire      ######....   100%        9    None
 Blink                    Tloc           N/A          0%          2    None
 Iskenderun's Mystic Bla  Conj           #####...     6%          4    None
 Summon Horrible Things   Summ           ###.......   100%        8    None
 Animate Dead             Necr           N/A          6%          4    None
 Pain                     Necr           ####         1%          1    None
 Animate Skeleton         Necr           N/A          1%          1    None
 Vampiric Draining        Necr           #####.....   1%          3    None
 Haunt                    Necr/Summ      ####......   100%        7    None
 Borgnjor's Revivificati  Necr           #####.....   100%        8    None
 Freeze                   Ice            ###.         3%          1    None
 Sticky Flame             Conj/Fire      ######..     1%          4    None
 Summon Ice Beast         Ice/Summ       ###.....     32%         4    None
 Ozocubu's Armour         Chrm/Ice       ####....     4%          3    None
 Call Imp                 Summ           ###.....     4%          2    None
 Dispel Undead            Necr           #####...     17%         5    None
 Poison Arrow             Conj/Pois      ####......   91%         6    None
 Sting                    Conj/Pois      ####         1%          1    None
 Tukima's Dance           Hex            #####...     2%          3    None
 Summon Demon             Summ           ###.......   65%         5    None
 Summon Greater Demon     Summ           ###.......   100%        7    None
 Corpse Rot               Necr           N/A          1%          2    None
 Iron Shot                Conj/Erth      ######....   9%          6    None
 Stone Arrow              Conj/Erth      ######       1%          3    None
 Shock                    Conj/Air       ####         1%          1    None
 Recall                   Summ/Tloc      N/A          1%          3    None
 Spider Form              Tmut/Pois      #####.....   2%          3    None
 Blade Hands              Tmut           ######....   4%          5    None
 Ice Form                 Ice/Tmut       #####...     7%          4    None
 Dragon Form              Tmut           ######....   78%         7    None
 Necromutation            Tmut/Necr      ######....   100%        8    None
 Death Channel            Necr           #####.....   67%         6    None
 Deflect Missiles         Chrm/Air       ####......   91%         6    None
 Throw Icicle             Conj/Ice       ####....     14%         4    None
 Glaciate                 Conj/Ice       ####......   100%        9    None
 Shadow Creatures         Summ           N/A          99%         6    None
 Confusing Touch          Hex            #####.       1%          1    None
 Flame Tongue             Conj/Fire      #####        1%          1    None
 Ignite Poison            Fire/Tmut/Pois ######..     1%          3    None
 Sticks to Snakes         Tmut           ######..     1%          2    None
 Call Canine Familiar     Summ           ###.....     10%         3    None
 Ensorcelled Hibernation  Hex/Ice        ####..       2%          2    None
 Metabolic Englaciation   Hex/Ice        ####......   43%         5    None
 Silence                  Hex/Air        ####......   43%         5    None
 Shatter                  Erth           #######...   99%         9    None
 Static Discharge         Conj/Air       ####....     4%          3    None
 Corona                   Hex            #####..      1%          1    None
 Alistair's Intoxication  Tmut/Pois      #####...     21%         5    None
 Sandblast                Erth           ######       0%          1    None
 Simulacrum               Ice/Necr       ####......   91%         6    None
 Conjure Ball Lightning   Conj/Air       ####......   91%         6    None
 Chain Lightning          Conj/Air       ####......   100%        8    None
 Excruciating Wounds      Chrm/Necr      #####.....   17%         5    None
 Portal Projectile        Hex/Tloc       ######       1%          3    None
 Monstrous Menagerie      Summ           ###.......   100%        7    None
 Petrify                  Tmut/Erth      ######..     1%          4    None
 Malign Gateway           Summ/Tloc      ######....   45%         7    None
 Tornado                  Air            ###.......   100%        9    None
 Leda's Liquefaction      Hex/Erth       ######....   1%          4    None
 Summon Hydra             Summ           ###.......   100%        7    None
 Darkness                 Hex            #####.....   82%         6    None
 Shroud of Golubria       Chrm/Tloc      ######....   1%          2    None
 Inner Flame              Hex/Fire       ######..     1%          3    None
 Aura of Abjuration       Summ           ###.......   65%         5    None
 Beastly Appendage        Tmut           ######       1%          1    None
 Fulminant Prism          Conj/Hex       #####.....   8%          4    None
 Dazzling Spray           Conj/Hex       #####.       2%          3    None
 Force Lance              Conj/Tloc      ######..     1%          4    None
 Infusion                 Chrm           ####         1%          1    None
 Song of Slaying          Chrm           #####...     1%          2    None
 Spectral Weapon          Hex/Chrm       #####...     2%          3    None
 Searing Ray              Conj           #####.       1%          2    None
 Summon Forest            Summ/Tloc      ######....   1%          5    None
 Summon Lightning Spire   Summ/Air       ###.....     32%         4    None
 Summon Guardian Golem    Hex/Summ       ####....     5%          3    None
 Dragon's Call            Summ           ###.......   100%        9    None
 Summon Mana Viper        Hex/Summ       ####....     43%         5    None
 Hydra Form               Tmut           ######....   24%         6    None
 Irradiate                Conj/Tmut      ######....   9%          5    None
 Gell's Gravitas          Tloc           #######...   0%          3    None
 Yara's Violent Unravell  Hex/Tmut       #####.....   11%         5    None
 Infestation              Necr           #####.....   100%        8    None
 Poisonous Vapours        Pois/Air       ###...       4%          2    None


Dungeon Overview and Level Annotations

Branches:
Dungeon (15/15)            Temple (0/1) D:6            Lair (6/6) D:9
  Swamp (4/4) Lair:4       Spider (4/4) Lair:3        Slime (5/5) Lair:5
    Orc (2/2) D:12            Elf (3/3) Orc:2        Vaults (5/5) D:14
  Crypt (3/3) Vaults:3       Tomb (3/3) Crypt:3      Depths (5/5) D:15
   Hell (1/1)                 Dis (7/7) Hell            Geh (7/7) Hell
    Coc (7/7) Hell            Tar (7/7) Hell            Zot (5/5) Depths:5

Altars:
Fedhas
Makhleb
Ru
Uskayaw
Yredelemnul
Zin
The Shining One
Beogh
Jiyva

Shops:
D:14 [   Orc:1 }   Orc:2 !:[:   Vaults:3 }   Vaults:5 *?%?   Depths:1 !=[!
Depths:5 :

Portals:
Hell: Depths:1 Depths:2 Depths:3 Depths:4 Depths:5
Abyss: Depths:2 Depths:4
Pandemonium: Depths:3

Annotations:
D:4 Nib's ghost, amateur MiCK
D:10 exclusion: oklob plant
Dis:7 Dispater
Coc:7 Antaeus
Tar:7 Ereshkigal; Serpent of
Hell
Zot:2 1 transporter


Innate Abilities, Weirdness & Mutations

You can walk on water.
You have very sharp teeth.
You have a pair of small horns on your head.
You are surrounded by a mild repulsion field. (EV +2)
You are partially covered in thin metallic scales. (AC +2)
You are frail. (-10% HP)
Your natural rate of healing is unusually fast.


Message History

Your juvenile shockfire beast blinks!
The sixfirhy hits your juvenile shockox beast!
The sixfirhy shocks your juvenile shockox beast.
Your juvenile shockox beast resists.
Unknown command.
Unknown command.
Evoke which item? (* to show all) (? for menu, Esc to quit)
Okay, then.
Unknown command.
The sixfirhy hits your juvenile shockox beast but does no damage.
The smoke demon gestures at you.
The ball of steam hits your juvenile shockfire beast.
Your juvenile shockfire beast resists.
The ball of steam hits your elder fireox beast.
Your elder fireox beast resists.
Some rock shatters into small pieces.
Your juvenile shockox beast barely misses the sixfirhy.
Your juvenile shockox beast tramples the sixfirhy.
The sixfirhy stumbles backwards!
You have escaped!

####.##.###...#≈.≈#≈≈≈####.....##
#(##.###...#≈.≈#≈≈.# #.....##
#......#..3#≈.≈#≈..# #.....#
######.###..§#...#...# ###.###
##......# #...§H......## #.#
##.#.#..###..HHHH......#####.###
##.#.#..#.#..HHHHH....#........##
..(..#....#..H..HH....#...##...##
##.#......#....H@HH...#..........
##.#.###.##....HHH....##.##....##
##...# #.######.###.####.##.##.#
####.###.# {{H....## #.##.##.#
(........# 3.#...# #.......#
####.##.#####..#...# ######.#####
####...............###...........
##.[....##.........##..##.#..#.##
##.#.#####...........#.##.#..#...


You could see a sixfirhy and 20 friendly mutant beasts.

Vanquished Creatures
  Antaeus (Coc:7)
  Asmodeus (Geh:7)
  the Royal Jelly (Slime:5)
  Gloorx Vloq (Pan)
  3 orbs of fire (Zot:5)
  A juggernaut (shapeshifter) (Vaults:5)
  7 ancient liches
  Mennas (Vaults:3)
  2 juggernauts (Depths:4)
  12 greater mummies
  Boris (Crypt:1)
  2 shard shrikes
  5 pandemonium lords
  Bai Suzhen (Crypt:1)
  Frederick (Vaults:5)
  4 Killer Klowns (Zot:5)
  A caustic shrike (Zig:10)
  Saint Roka (Elf:2)
  Geryon (Hell)
  12 golden dragons
  A profane servitor (Crypt:3)
  Nikola (Elf:2)
  Jory (Tomb:2)
  6 bone dragons
  6 iron giants
  12 Brimstone Fiends
  3 electric golems
  3 doom hounds
  7 Tzitzimimeh
  Jorgrun (Crypt:1)
  A hellephant (D:1)
  Rupert (D:13)
  16 tentacled monstrosities
  8 Hell Sentinels
  A Cloud Mage (WizLab)
  17 Orb Guardians
  9 Ice Fiends
  10 liches
  4 quicksilver dragons
  6 titans
  A deep elf blademaster (Elf:2)
  18 Executioners
  A deep elf master archer (Elf:3)
  5 sphinxes
  2 death cobs (Zot:4)
  An eldritch tentacle (Tar:3)
  10 tentacled starspawn
  24 acid blobs
  17 ancient champions
  22 storm dragons
  A revenant (Crypt:1)
  2 thorn hunters (Swamp:4)
  Donald (Spider:3)
  11 shadow dragons
  A nagaraja (Zig:2)
  14 fire giants
  12 azure jellies
  3 blood saints (Pan)
  8 draconian monks
  3 tengu reavers
  11 frost giants
  An orc warlord (Orc:2)
  5 deep elf sorcerers
  3 emperor scorpions (Spider:4)
  8 cacodemons
  14 vault wardens
  5 draconian scorchers
  Aizul (Elf:2)
  4 iron dragons
  16 balrugs
  8 ghost moths
  4 curse skulls
  5 draconian annihilators
  2 warmongers (Zig:6)
  8 ghouls
  7 draconian shifters
  An angel (Abyss:2)
  5 deep elf elementalists
  12 very ugly things
  16 ironheart preservers
  7 draconian stormcallers
  4 elemental wellsprings (Coc:7)
  A juggernaut zombie (Hell)
  30 reapers
  13 war gargoyles
  26 stone giants
  10 vampire knights
  4 green draconians
  4 entropy weavers
  6 corrupters
  3 lorocyprocas
  A minotaur (shapeshifter) (Depths:2)
  7 deep elf demonologists
  A bennu (Tomb:2)
  5 deep elf annihilators
  7 purple draconians
  6 red draconians
  A dire elephant (shapeshifter) (Depths:2)
  2 black suns (Pan)
  A minotaur (Lab)
  13 yellow draconians
  12 white draconians
  11 spark wasps
  9 black draconians
  17 ettins
  6 green deaths
  6 death oozes
  7 eidola
  11 blizzard demons
  6 jiangshi
  3 crystal guardians
  23 mummy priests
  4 deep elf high priests
  5 deep elf death magi
  8 yaktaur captains
  12 fire dragons
  5 quicksilver dragon zombies
  11 great orbs of eyes
  4 merfolk javelineers
  A merfolk impaler (Zig:13)
  30 vault guards
  A kraken zombie (Hell)
  12 rakshasas
  18 ice dragons
  A quicksilver dragon skeleton (Tar:3)
  3 monstrous demonspawn (Pan)
  A naga warrior (Zig:2)
  10 spriggan air magi
  9 centaur warriors
  4 ghost crabs
  3 merfolk aquamancers (Zig:13)
  A merfolk avatar (Swamp:2)
  A catoblepas (shapeshifter) (Zig:12)
  3 hell beasts
  26 hydras
  A queen ant (shapeshifter) (Depths:1)
  8 death knights
  A satyr (Zig:13)
  11 alligators
  15 ogre magi
  24 dancing weapons
  A satyr (shapeshifter) (Vaults:5)
  A titan zombie (Coc:6)
  58 death scarabs
  23 two-headed ogres
  3 tengu warriors
  8 deep troll earth magi
  7 deep troll shamans
  11 hell hogs
  13 vampire magi
  10 thrashing horrors
  8 spriggan berserkers
  23 sun demons
  2 fire crabs (WizLab)
  2 storm dragon zombies
  5 shock serpents (WizLab)
  19 soul eaters
  27 deep elf knights
  10 sixfirhies
  8 wretched stars
  63 skeletal warriors
  24 hell knights
  An iron golem (Dis:7)
  2 golden dragon zombies
  11 shadow wraiths
  3 infernal demonspawn (Pan)
  An iron troll (Depths:3)
  17 deep trolls
  A deep troll (shapeshifter) (Zig:12)
  11 flayed ghosts
  A quicksilver dragon simulacrum (Coc:5)
  6 unseen horrors
  9 swamp dragons
  3 unseen horrors (shapeshifter)
  10 small abominations
  3 spatial maelstroms
  6 glowing orange brains
  3 torturous demonspawn (Pan)
  A spark wasp zombie (Hell)
  3 sea snakes (Zig:13)
  4 shambling mangroves
  A ghost moth zombie (Crypt:2)
  2 kraken simulacra (Coc:5)
  3 anaconda zombies
  12 ironbrand convokers
  10 wizards
  3 death drakes
  15 shadow demons
  A sphinx zombie (Hell)
  A shadow dragon zombie (Geh:4)
  60 starcursed masses
  4 golden dragon skeletons
  18 deep elf archers
  A glowing orange brain (shapeshifter) (Vaults:5)
  6 orb spiders
  13 harpies
  A mana viper (Abyss:3)
  2 obsidian statues
  18 phantasmal warriors
  4 wolf spider zombies
  An orc sorcerer (Elf:1)
  5 fire giant zombies
  10 necromancers
  2 spectral wolf spiders (Spider:4)
  4 frost giant zombies
  9 orc knights
  3 iron dragon zombies
  19 wolf spiders
  28 ugly things
  A tengu skeleton (Vaults:4)
  2 shadow dragon skeletons
  2 moths of wrath (shapeshifter)
  A statue (Abyss:4)
  6 human zombies
  4 stone giant zombies
  7 oklob plants (Zig:9)
  4 shining eyes
  2 shining eyes (shapeshifter)
  4 manticores
  A salamander (shapeshifter) (Elf:1)
  3 worldbinders (Abyss:4)
  2 frost giant skeletons
  70 deep elf magi
  A centaur zombie (D:15)
  4 cyclopes
  27 moths of wrath
  2 merfolk sirens (Zig:13)
  8 dire elephant zombies
  2 black mambas
  6 water nymphs (Zig:13)
  A shock serpent zombie (Dis:6)
  An elephant (Lair:5)
  3 fire giant skeletons
  2 guardian serpents
  3 iron dragon skeletons
  3 eyes of devastation
  3 vault sentinels
  2 gargoyles (Zig:10)
  19 rust devils
  A torpor snail (Zig:10)
  16 smoke demons
  A water nymph (shapeshifter) (Vaults:5)
  An ice statue (Coc:7)
  4 orange demons
  A minotaur zombie (Dis:7)
  4 spectral swamp worms (Depths:5)
  2 centaur skeletons (D:11)
  A rime drake (Lair:6)
  9 demonic crawlers
  A shock serpent skeleton (Geh:3)
  2 catoblepas zombies
  A dire elephant skeleton (Geh:1)
  13 hellions
  3 emperor scorpion zombies
  A spectral redback (Spider:4)
  11 spiny frogs
  26 freezing wraiths
  7 efreet
  34 ice devils
  21 tormentors
  7 hellwings
  56 guardian mummies
  4 komodo dragons
  41 yaktaurs
  3 redback zombies (Spider:4)
  3 harpy zombies
  2 tengu conjurers
  5 ancient zymes
  A polar bear (shapeshifter) (Vaults:1)
  7 merfolk
  26 red devils
  A merfolk (shapeshifter) (Zig:12)
  14 tyrant leeches
  29 jumping spiders
  A wolf spider simulacrum (Abyss:1)
  4 polar bears
  2 silent spectres
  12 trolls
  A wind drake (shapeshifter) (Abyss:3)
  5 hydra zombies
  20 hornets
  5 spectral jumping spiders (Spider:4)
  3 fire dragon zombies
  14 wind drakes (Pan)
  3 deep troll zombies
  5 hydra skeletons
  3 spectral tarantellas (Spider:4)
  17 bog bodies
  A snapping turtle (Zig:13)
  An iron dragon simulacrum (Coc:4)
  11 raiju
  2 harpy skeletons
  6 blink frogs
  A tarantella zombie (Spider:4)
  An ettin zombie (Crypt:3)
  6 hippogriffs
  2 snapping turtles (shapeshifter)
  4 dream sheep (Lair:6)
  51 slime creatures
  63 flying skulls
  4 alligator zombies
  2 ice dragon zombies
  19 air elementals
  2 ice dragon skeletons
  16 spriggans
  An alligator skeleton (Hell)
  Sigmund (D:3)
  A fire dragon skeleton (Crypt:1)
  2 black mamba zombies (Geh:3)
  A centaur simulacrum (D:15)
  A redback (shapeshifter) (Depths:4)
  54 redbacks
  2 wyverns
  15 ynoxinuls
  15 shadows
  28 yaks
  6 ushabtiu
  17 tarantellas
  A basilisk (Lair:2)
  4 ettin skeletons
  36 wraiths
  13 water elementals
  A basilisk (shapeshifter) (Vaults:2)
  45 large abominations
  13 fire elementals
  9 humans (D:14)
  4 golden eyes
  7 hungry ghosts
  A steam dragon (D:11)
  27 vampire mosquitoes
  3 chaos spawn
  12 neqoxecs
  A steam dragon (shapeshifter) (Vaults:2)
  A hydra simulacrum (Hell)
  5 wargs
  2 nagas
  11 insubstantial wisps
  A gelid demonspawn zombie (Crypt:1)
  28 hell hounds
  A soldier ant (shapeshifter) (Vaults:4)
  A swamp worm (shapeshifter) (Vaults:5)
  10 water moccasins
  7 spiny frog zombies
  14 swamp worms
  3 floating eyes
  2 porcupines
  14 swamp drakes
  3 acid dragons
  2 sky beasts
  5 spiny frog skeletons
  A swamp dragon zombie (Tar:2)
  6 black bears
  3 hornet zombies
  3 snapping turtle zombies
  13 orc warriors
  7 ice beasts
  3 eyes of draining
  18 necrophages
  10 boggarts
  A black bear (shapeshifter) (Depths:3)
  2 snapping turtle skeletons
  40 ogres
  7 phantoms
  12 wolves
  12 centaurs
  8 crocodiles
  2 big kobolds
  2 yaktaur zombies
  A rime drake skeleton (Crypt:2)
  Blork the orc (D:4)
  20 bullfrogs
  2 elf zombies
  9 earth elementals
  2 spiny frog simulacra
  8 scorpions
  7 wyvern skeletons
  3 water moccasin zombies
  A human simulacrum (Vaults:1)
  6 killer bees (D:9)
  An elephant simulacrum (IceCv)
  An elf simulacrum (Vaults:4)
  24 wights
  6 electric eels
  3 howler monkeys
  11 crimson imps
  5 bullfrog zombies
  2 quasits (Abyss:1)
  5 jellies
  3 orc priests
  6 hounds
  10 iron imps
  11 orc wizards
  A gnoll shaman (D:9)
  A human skeleton (Crypt:1)
  4 iguanas
  4 worker ants
  3 hell rats (Lair:4)
  A polar bear simulacrum (IceCv)
  Natasha (twice) (D:4)
  A lightning spire (Zig:13)
  3 tengu zombies
  A big kobold zombie (Ossuary)
  An ogre zombie (Tar:6)
  A hound zombie (D:7)
  A crocodile skeleton (Crypt:2)
  A hound skeleton (D:7)
  42 mummies
  A howler monkey zombie (D:10)
  Robin (D:4)
  10 gnolls
  A gnoll (shapeshifter) (Vaults:5)
  11 adders
  2 river rats (D:8)
  8 shadow imps
  12 white imps
  An ufetubus (Abyss:4)
  11 adder zombies
  A lava snake zombie (Crypt:2)
  3 adder skeletons
  6 worms
  2 dart slugs
  7 leopard geckos
  33 orcs
  4 ball pythons
  6 bats
  8 giant cockroaches
  10 goblins
  5 hobgoblins
  15 jackals
  15 kobolds
  2 quokkas
  2 ball python skeletons
  6 frilled lizards
  3 gnoll zombies (Ossuary)
  6 hobgoblin zombies (Ossuary)
  A kobold skeleton (Geh:7)
  5 kobold zombies (Ossuary)
  3 orc zombies (Ossuary)
  A quokka zombie (Crypt:1)
  10 rats
  A crawling corpse (Elf:3)
  A fire vortex (Pan)
  4 fungi
  8 plants
  10 starspawn tentacles
  9 tentacles
  A withered plant (Crypt:3)
3524 creatures vanquished.

Vanquished Creatures (collateral kills)
  Mnoleg (Pan)
  A juggernaut (Depths:3)
  A greater mummy (Crypt:3)
  A profane servitor (Crypt:3)
  4 golden dragons
  An iron giant (Dis:7)
  A Tzitzimitl (Tar:6)
  A tentacled monstrosity (Zot:4)
  An Orb Guardian (Zot:5)
  A deep elf blademaster (Elf:3)
  3 deep elf master archers (Elf:3)
  A titan (Pan)
  A quicksilver dragon (Depths:2)
  6 acid blobs
  5 sphinxes
  2 ancient champions (Dis:7)
  2 tengu reavers
  2 shadow dragons
  3 storm dragons
  A draconian monk (Zot:1)
  An azure jelly (Lair:5)
  3 vault wardens
  2 deep elf sorcerers (Elf:3)
  A fire giant (Depths:3)
  An iron dragon (Dis:7)
  3 balrugs
  A ghost moth (Spider:4)
  2 ghouls (Crypt:3)
  2 emperor scorpions
  4 stone giants
  2 draconian stormcallers
  4 reapers
  4 deep elf elementalists
  2 ironheart preservers
  6 very ugly things
  3 green draconians
  3 deep elf annihilators
  A black draconian (Depths:5)
  A deep elf demonologist (Elf:3)
  4 white draconians
  A yellow draconian (Zot:2)
  A spark wasp (Depths:3)
  A blizzard demon (Pan)
  4 deep elf death magi (Elf:3)
  A fire dragon (Depths:5)
  2 green deaths
  A death ooze (Slime:5)
  Josephine (D:13)
  2 mummy priests (Tomb:1)
  2 ogre magi
  5 yaktaur captains
  3 deep elf high priests
  A hydra (Swamp:1)
  2 great orbs of eyes
  3 ice dragons
  2 centaur warriors
  5 vault guards
  2 spriggan air magi (Depths:5)
  A rakshasa (Vaults:1)
  9 two-headed ogres
  2 dancing weapons
  11 death scarabs
  A titan zombie (Geh:4)
  A deep troll shaman (Depths:4)
  A spriggan berserker (Depths:4)
  2 thrashing horrors (Abyss:4)
  3 sun demons
  2 soul eaters
  3 deep elf knights
  A spectral emperor scorpion (Spider:4)
  A golden dragon zombie (Geh:4)
  An iron troll (Depths:4)
  A death drake (Tar:7)
  5 skeletal warriors
  2 deep trolls
  A flayed ghost (Crypt:3)
  3 wizards
  2 spectral wolf spiders (Spider:4)
  A swamp dragon (Swamp:4)
  7 orc knights
  A harpy (Vaults:4)
  An anaconda skeleton (Geh:4)
  2 phantasmal warriors
  2 ironbrand convokers
  3 deep elf archers
  A small abomination (Depths:3)
  9 deep elf magi
  6 orb spiders
  3 ugly things
  A wolf spider zombie (Spider:4)
  9 wolf spiders
  2 cyclopes (Vaults:2)
  4 shining eyes
  4 moths of wrath
  5 vault sentinels
  3 elephants (Lair:5)
  A shock serpent zombie (Tar:7)
  4 spiny frogs
  A molten gargoyle (Geh:4)
  2 gargoyles
  5 rust devils (Dis:7)
  A spectral swamp worm (Depths:5)
  A rime drake (Lair:6)
  7 yaktaurs
  A storm dragon simulacrum (Vaults:3)
  A redback zombie (Spider:4)
  2 freezing wraiths
  A komodo dragon (D:15)
  A demonic crawler (Spider:4)
  2 guardian mummies
  A komodo dragon (shapeshifter) (Depths:5)
  A polar bear (Lair:6)
  A human skeleton (Vaults:4)
  8 jumping spiders
  5 trolls
  2 ice devils
  A hydra zombie (Coc:7)
  A silent spectre (Tar:6)
  An ancient zyme (Abyss:4)
  A wind drake (Pan)
  4 hornets
  A raiju (Abyss:4)
  23 slime creatures
  A spectral jumping spider (Spider:4)
  An ettin zombie (Dis:7)
  2 blink frogs (Lair:5)
  A hippogriff (shapeshifter) (Vaults:4)
  A fire dragon zombie (Dis:7)
  2 dream sheep (Lair:6)
  2 hippogriffs
  3 flying skulls
  7 tarantellas
  13 redbacks
  7 spriggans
  A water elemental (Elf:1)
  3 wraiths
  5 yaks
  3 shadows
  A black mamba skeleton (Tar:6)
  2 ynoxinuls (Pan)
  2 basilisks
  2 wyverns
  7 humans (D:14)
  A vampire mosquito (Swamp:1)
  A chaos spawn (Abyss:4)
  4 golden eyes
  A yaktaur simulacrum (Vaults:1)
  A hungry ghost (D:12)
  4 wargs
  A swamp worm (Swamp:1)
  3 hell hounds
  A spectral hornet (Spider:4)
  A porcupine (Lair:5)
  A water moccasin (Lair:5)
  9 orc warriors
  A black bear (Lair:6)
  3 necrophages
  8 ogres
  An ice beast (D:10)
  A boggart (Lair:6)
  A human zombie (Vaults:4)
  10 wolves
  2 killer bees (D:9)
  A blink frog skeleton (Crypt:1)
  4 crocodiles
  An earth elemental (Elf:3)
  A gnoll sergeant (D:11)
  6 bullfrogs
  An elf skeleton (Tar:6)
  2 wyvern skeletons
  A howler monkey (D:13)
  3 wights
  A vampire bat (Lair:5)
  2 electric eels (D:12)
  A crimson imp (D:11)
  A quasit (D:15)
  2 starcursed masses (Abyss:4)
  6 orc priests
  4 orc wizards (Orc:1)
  A centaur skeleton (D:11)
  A worker ant (D:13)
  A hell rat (Lair:4)
  2 polar bear simulacra (IceCv)
  A tengu skeleton (Geh:7)
  3 mummies
  A hound skeleton (D:10)
  4 gnolls
  2 adders
  A white imp (Coc:3)
  17 orcs
  5 bats (Lair:5)
  A jackal (D:11)
  A kobold (D:10)
  A crawling corpse (Depths:3)
  5 fungi
  2 plants (D:12)
532 creatures vanquished.

Vanquished Creatures (others)
  A golden dragon (Depths:5)
  A Brimstone Fiend (Zig:5)
  An ancient champion (Tomb:2)
  2 eldritch tentacles
  7 orc warlords
  An elemental wellspring (Coc:7)
  40 orc knights
  A bennu (Tomb:2)
  2 green deaths
  An alligator (Swamp:2)
  29 death scarabs
  2 hell hogs (Geh:3)
  8 orc high priests
  A deep elf knight (Elf:2)
  5 wizards (Pan)
  A glowing orange brain (Pan)
  7 orc sorcerers
  A cyclops (Vaults:2)
  A deep elf mage (Vaults:2)
  A moth of wrath (Zot:5)
  A frost giant zombie (Tomb:2)
  30 orc warriors
  A wind drake (Pan)
  8 flying skulls
  A shadow (Geh:1)
  A water elemental (Elf:3)
  A neqoxec (Pan)
  A manticore zombie (Geh:7)
  An ogre (Vaults:4)
  An eye of draining (Pan)
  A boggart (Vaults:2)
  2 swamp dragon simulacra
  2 killer bees (D:9)
  A wight (Tar:6)
  61 orc priests
  36 orc wizards
  2 mummies (Tomb:2)
  2 white imps (Abyss:4)
  8 ball lightnings (Pan)
  72 orcs
  2 fungi (Lair:6)
  A lurking horror (Abyss:2)
  3 plants
  21 starspawn tentacles
  3 tentacles
  5 withered plants (Crypt:3)
381 creatures vanquished.

Grand Total: 4437 creatures vanquished

Notes
Turn   | Place    | Note
-------+----------+-------------------------------------------
     0 | D:1      | 4thArraOfDagon the Hill Orc Enchanter began the quest for the Orb.
     0 | D:1      | Reached XP level 1. HP: 14/14 MP: 3/3
   423 | D:1      | Reached XP level 2. HP: 19/20 MP: 2/4
   431 | D:1      | Learned a level 2 spell: Ensorcelled Hibernation
   624 | D:1      | Reached skill level 1 in Axes
   961 | D:2      | Noticed a scorpion
  1038 | D:1      | Reached XP level 3. HP: 26/26 MP: 5/5
  1753 | D:3      | Reached XP level 4. HP: 33/33 MP: 1/6
  1915 | D:4      | Noticed Natasha
  1954 | D:3      | Noticed Sigmund
  1972 | D:5      | Entered Level 5 of the Dungeon
  2002 | D:4      | Noticed Blork the orc
  2008 | D:4      | Killed Blork the orc
  2008 | D:4      | Reached skill level 1 in Fighting
  2008 | D:4      | Reached skill level 1 in Armour
  2008 | D:4      | Reached XP level 5. HP: 40/40 MP: 7/7
  2056 | D:4      | Became a worshipper of Beogh the Brigand
  2343 | D:2      | Learned a level 3 spell: Confuse
  2962 | D:2      | Reached skill level 1 in Invocations
  2962 | D:2      | Reached XP level 6. HP: 48/48 MP: 4/8
  3270 | D:3      | Found a burning altar of Makhleb.
  3506 | D:3      | Killed Sigmund
  3506 | D:3      | Reached skill level 5 in Axes
  3506 | D:3      | Reached XP level 7. HP: 24/57 MP: 2/9
  3622 | D:4      | Noticed Nib's ghost (amateur MiCK)
  3644 | D:4      | Killed Natasha
  3819 | D:4      | Found a glowing golden altar of the Shining One.
  4217 | D:6      | Found a staircase to the Ecumenical Temple.
  4467 | D:6      | Reached * piety under Beogh
  4500 | D:6      | Found a sacrificial altar of Ru.
  4663 | D:7      | Reached XP level 8. HP: 38/66 MP: 7/10
  4670 | D:7      | Got a slimy chain mail
  4686 | D:7      | Identified the +0 chain mail "Qena" {Int+2} (You found it on level 7 of the Dungeon)
  4741 | D:7      | Found a sand-covered staircase.
  4748 | Ossuary  | Entered an ossuary
  4952 | Ossuary  | Reached ** piety under Beogh
  5461 | D:7      | Reached skill level 5 in Fighting
  5475 | D:7      | Reached skill level 5 in Invocations
  5792 | D:7      | Reached skill level 5 in Armour
  5792 | D:7      | Reached XP level 9. HP: 59/74 MP: 8/13
  6631 | D:4      | Noticed Natasha
  6633 | D:4      | Reached skill level 10 in Axes
  6648 | D:4      | Reached *** piety under Beogh
  6650 | D:4      | Killed Natasha
  6711 | D:4      | Noticed Robin
  6734 | D:4      | Killed Robin
  6786 | D:4      | Found a blossoming altar of Fedhas.
  8726 | D:9      | Got a crystal dagger
  8964 | D:9      | Learned a level 3 spell: Conjure Flame
  8999 | D:9      | Reached XP level 10. HP: 86/86 MP: 11/15
  9039 | D:9      | Reached skill level 1 in Fire Magic
  9050 | D:9      | Reached skill level 1 in Conjurations
  9060 | D:9      | BLOAX: I like how the priest first smited you before realizing you're Orc Jesus.
  9066 | D:9      | BLOAX: how nice of him
  9251 | D:9      | Found a staircase to the Lair.
  9304 | D:9      | HP: 4/86 [poisoned by a water moccasin]
  9310 | D:9      | HP: 4/86 [poisoned by a water moccasin]
  9315 | D:9      | HP: 4/86 [poisoned by a water moccasin]
  9727 | D:10     | Entered Level 10 of the Dungeon
  9737 | D:10     | Noticed an oklob plant
 10009 | D:10     | Noticed an unseen horror
 10019 | D:10     | Killed an unseen horror
 10358 | D:10     | Learned a level 5 spell: Lee's Rapid Deconstruction
 10671 | D:10     | Reached XP level 11. HP: 88/93 MP: 17/17
 10749 | D:10     | Reached skill level 1 in Earth Magic
 11279 | D:11     | Found a frozen archway.
 11295 | IceCv    | Entered an ice cave
 11473 | IceCv    | Reached **** piety under Beogh
 11627 | IceCv    | Learned a level 2 spell: Passwall
 11702 | D:11     | Noticed an unseen horror
 11721 | D:11     | Killed an unseen horror
 11859 | D:11     | Found a hide-covered altar of Uskayaw.
 13313 | D:12     | Found a staircase to the Orcish Mines.
 13416 | D:13     | Noticed Josephine
 13511 | D:12     | Reached XP level 12. HP: 53/103 MP: 17/19
 13706 | D:12     | Reached skill level 5 in Earth Magic
 13924 | D:12     | Cast into level 2 of the Abyss (a wizard)
 13933 | D:12     | Escaped the Abyss
 13953 | D:12     | Nebukadnezar: eccaped like a pro :)
 13961 | D:12     | Thaneod: agreed
 14060 | D:13     | Noticed a centaur warrior
 14067 | D:13     | Killed a centaur warrior
 14067 | D:13     | Gained Gorbash as an ally
 14246 | D:13     | Identified a scroll of acquirement
 14399 | D:13     | Noticed a tengu warrior
 14409 | D:13     | Killed a tengu warrior
 14409 | D:13     | Reached skill level 10 in Invocations
 14429 | D:13     | Noticed a two-headed ogre
 14438 | D:13     | Killed a two-headed ogre
 14529 | D:13     | Killed Josephine
 14594 | D:13     | Noticed Rupert
 14599 | D:13     | Killed Rupert
 14621 | D:13     | Vajrapani: !stalk 4tharra
 14625 | D:13     | XtahuaRules: 4thArraOfDagon the L12 HOEn^Beogh in D:13 (cxc tiles), 1:04:42, T:14599, defenses: 19/11/0, stats: 12/23/11
 14631 | D:13     | Reached skill level 10 in Fighting
 14631 | D:13     | Reached XP level 13. HP: 113/113 MP: 9/20
 14651 | D:13     | Vajrapani: !hs hoen
 14653 | D:13     | XtahuaRules: 1. hoen the Executioner (L27 HOEn of Makhleb), slain by Xuan the pandemonium lord in Pandemonium (nicolae_pan_giant_door) on 2018-02-23 16:51:03, with 1039780 points after 74216 turns and 13:44:58.
 14655 | D:13     | Vajrapani: !hs * hoen
 14655 | D:13     | XtahuaRules: 1602. Ge0ff the Hoplite (L27 HOEn of Cheibriados), escaped with the Orb and 15 runes on 2018-03-20 19:24:45, with 20902963 points after 72630 turns and 10:13:44.
 14662 | D:13     | Learned a level 6 spell: Statue Form
 14719 | D:14     | Found a gate to the Vaults.
 14737 | D:13     | Venturno: LOL
 14742 | D:13     | Thaneod: !hs * misu
 14744 | D:14     | XtahuaRules: 1031. MrPlanck the Shatterer (L27 MiSu of The Shining One), escaped with the Orb and 15 runes on 2015-01-31 17:13:18, with 20640925 points after 73754 turns and 7:43:42.
 14790 | D:14     | Reached skill level 15 in Axes
 14796 | D:14     | Reached skill level 1 in Transmutations
 14799 | D:14     | Thaneod: !hs * musu
 14801 | D:14     | XtahuaRules: 26516. elliptic the Demonologist (L23 MuSu of Sif Muna), escaped with the Orb and 15 runes on 2012-09-13 19:39:50, with 52436210 points after 27371 turns and 8:00:10.
 14814 | D:14     | Identified the cursed +3 dagger of Hakhlav {venom, MR+ Int+3} (You found it on level 9 of the Dungeon)
 14841 | D:14     | Thaneod: !hs * musu -log
 14845 | D:14     | XtahuaRules: 26516. elliptic, XL23 MuSu, T:27371: http://crawl.develz.org/morgues/0.11/elliptic/morgue-elliptic-20120913-193950.txt
 14858 | D:14     | Found Wuho's Antique Armour Shoppe.
 14881 | D:14     | Thaneod: !hs 4thArraOfDagon -log
 14883 | D:14     | XtahuaRules: 14724. 4thArraOfDagon, XL27 VSMo, T:19225: https://crawl.xtahua.com/crawl/morgue/4thArraOfDagon/morgue-4thArraOfDagon-20151112-234357.txt
 14883 | D:14     | Reached skill level 5 in Spellcasting
 14937 | D:14     | Bought a warped chain mail for 304 gold pieces
 14937 | D:14     | Bought a glowing hat for 224 gold pieces
 14967 | D:14     | Identified the +6 chain mail "Seng" {+Fly rElec rC- MR++} (You bought it in a shop on level 14 of the Dungeon)
 15157 | D:15     | Entered Level 15 of the Dungeon
 15498 | D:15     | Your ally Gorbash died
 15956 | D:15     | Noticed a fire giant
 15981 | D:15     | Killed a fire giant
 16006 | D:15     | Found a staircase to the Depths.
 16055 | D:15     | Reached XP level 14. HP: 100/122 MP: 22/22
 16227 | D:14     | Learned a level 3 spell: Regeneration
 16232 | D:14     | Learned a level 4 spell: Sticky Flame
 16287 | Orc:1    | Entered Level 1 of the Orcish Mines
 16311 | Orc:2    | Entered Level 2 of the Orcish Mines
 16384 | Orc:2    | Found a labyrinth entrance.
 16454 | Lab      | Entered a labyrinth
 16455 | Lab      | 4thArraOfDagon: ??crystal plater armor
 16455 | Lab      | XtahuaRules: crystal plater armor ~ crystal plate armour[1/2]: 14AC, 23ER.
 16455 | Lab      | 4thArraOfDagon: ??crystal plater armor[2
 16455 | Lab      | XtahuaRules: crystal plater armor ~ crystal plate armour[2/2]: The probability that a randart CPA is +23 (the max possible) is exactly 101/112500.
 16679 | Lab      | Got a fine silver ring
 16687 | Lab      | Identified the ring "Heorim" {Str+4 Stlth-} (You found it in a labyrinth)
 16711 | Orc:1    | Found Lidwijisk's Gadget Boutique.
 16824 | Orc:2    | Found a staircase to the Elven Halls.
 16843 | Orc:2    | Noticed an orc warlord
 16888 | Orc:2    | Killed an orc warlord
 17225 | Orc:1    | Found a roughly hewn altar of Beogh.
 17507 | Orc:2    | Reached skill level 10 in Earth Magic
 17571 | Orc:2    | Found Zojumm's Distillery.
 17577 | Orc:2    | Noticed a stone giant
 17582 | Orc:2    | Killed a stone giant
 17582 | Orc:2    | Reached skill level 5 in Transmutations
 17750 | Orc:2    | Found Eblylok's Book Shoppe.
 17755 | Orc:2    | Found Kynyi's Antique Armour Shop.
 17764 | Orc:2    | Found Efymaa's Book Emporium.
 17786 | Orc:2    | Bought a potion of curing for 48 gold pieces
 17786 | Orc:2    | Bought a potion of curing for 48 gold pieces
 17786 | Orc:2    | Bought a potion of agility for 64 gold pieces
 17786 | Orc:2    | Bought a potion of curing for 48 gold pieces
 17786 | Orc:2    | Bought 2 potions of curing for 96 gold pieces
 17786 | Orc:2    | Bought a potion of agility for 64 gold pieces
 17786 | Orc:2    | Bought a potion of curing for 48 gold pieces
 17792 | Orc:2    | Bought a runed scarf for 216 gold pieces
 17792 | Orc:2    | Bought an embroidered hat for 189 gold pieces
 17792 | Orc:2    | Bought a runed helmet for 202 gold pieces
 17837 | Orc:2    | Bought a potion of agility for 64 gold pieces
 17999 | Lair:1   | Entered Level 1 of the Lair of Beasts
 18593 | Lair:3   | Found a hole to the Spider Nest.
 19104 | Lair:4   | Found a staircase to the Swamp.
 19300 | Lair:5   | Reached XP level 15. HP: 78/130 MP: 24/24
 19327 | Lair:5   | Found a runed door.
 19327 | Lair:5   | Found a viscous altar of Jiyva.
 19327 | Lair:5   | Noticed an azure jelly
 19327 | Lair:5   | Noticed an azure jelly
 19328 | Lair:5   | Found a staircase to the Slime Pits.
 19328 | Lair:5   | Noticed an azure jelly
 19401 | Lair:5   | Gained Ognian as an ally
 19519 | Lair:6   | Entered Level 6 of the Lair of Beasts
 19641 | Lair:6   | Gained Olfik as an ally
 19764 | Lair:6   | Reached ***** piety under Beogh
 20299 | Spider:1 | Entered Level 1 of the Spider Nest
 20973 | Spider:1 | Gained Bolgrim as an ally
 21104 | Spider:1 | Gained Olfik as an ally
 21375 | Spider:2 | Gained Marbork as an ally
 21573 | Spider:2 | Reached XP level 16. HP: 139/139 MP: 22/26
 21678 | Spider:2 | Reached ****** piety under Beogh
 21750 | Spider:3 | Found the +3 robe of Clouds {+Fly rElec}
 21924 | Spider:3 | Noticed Donald
 21933 | Spider:3 | Killed Donald
 22159 | Spider:4 | Entered Level 4 of the Spider Nest
 22249 | Spider:4 | Your ally Marbork died
 22420 | Spider:4 | Gained Orik as an ally
 23082 | Spider:4 | Reached skill level 5 in Fire Magic
 23283 | Spider:4 | Gained Gorg as an ally
 23285 | Spider:4 | Reached XP level 17. HP: 81/146 MP: 15/29
 23287 | Spider:4 | Your ally Olfik died
 23311 | Spider:4 | Got a gossamer rune of Zot
 23523 | Swamp:1  | Entered Level 1 of the Swamp
 23535 | Swamp:1  | Gained Urtork as an ally
 23540 | Swamp:1  | Your ally Urtork died
 23705 | Swamp:1  | Gained Koronagh as an ally
 23942 | Lair:4   | Learned a level 8 spell: Ignition
 24145 | Swamp:1  | You fall through a shaft!
 24376 | Swamp:2  | hydrophobic gardens?
 24382 | Swamp:2  | Got a smoking great sword
 24384 | Swamp:2  | Identified the +6 great sword "Agirih Tuink" {elec, +Rage MR- Str+7 Dex-3} (You found it on level 2 of the Swamp)
 24603 | Swamp:3  | Found the +7 Singing Sword
 24946 | Swamp:4  | Entered Level 4 of the Swamp
 25620 | Swamp:4  | Your ally Orik died
 25636 | Swamp:4  | Your ally Koronagh died
 25660 | Swamp:4  | Your ally Ognian died
 25664 | Swamp:4  | Vajrapani: !stalk 4tharra
 25667 | Swamp:4  | XtahuaRules: 4thArraOfDagon the L17 HOEn^Beogh in Swamp:4 (cxc tiles), 2:15:23, T:24946, runes: 1 (gossamer), defenses: 16/11/0, stats: 13/30/11, >15 skills: Axes
 25809 | Swamp:4  | Reached XP level 18. HP: 154/154 MP: 13/31
 25876 | Swamp:4  | Reached skill level 10 in Fire Magic
 25982 | Swamp:4  | Got a decaying rune of Zot
 26321 | Orc:1    | Bought a wand of digging (14) for 504 gold pieces
 26370 | Elf:1    | Entered Level 1 of the Elven Halls
 26429 | Elf:1    | Your ally Bolgrim died
 26454 | Elf:1    | Identified the +7 hand axe "Gamose" {drain, rF+ rN+ Str+4} (You took it off a deep elf archer on level 1 of the Elven Halls)
 26545 | Elf:1    | Gained Koronagh as an ally
 26710 | Elf:1    | Gained Orgrim as an ally
 26769 | Elf:1    | Identified Jef Joaj's Tome of Arcane Weapons
 27045 | Elf:1    | Identified the cursed +1 scale mail of Protective Custody {Str+4} (You found it on level 1 of the Elven Halls)
 27051 | Elf:1    | WHY
 27287 | Elf:2    | Gained Nordag as an ally
 27557 | Elf:2    | Gained Olfik as an ally
 27716 | Elf:3    | Entered Level 3 of the Elven Halls
 27724 | Elf:3    | Got a translucent rapier
 28054 | Elf:3    | Reached XP level 19. HP: 126/160 MP: 28/32
 28285 | Elf:3    | Reached skill level 5 in Dodging
 28338 | Elf:3    | HP: 6/208 [deep elf master archer/arrow (28)]
 28454 | Elf:3    | Your ally Olfik died
 28748 | Elf:3    | Found the ring of Robustness {AC+8}
 28777 | Elf:3    | Identified the +4 large shield of Dramatic Exits {Str+5 Int+2} (You found it on level 3 of the Elven Halls)
 28930 | Elf:2    | Reached skill level 10 in Spellcasting
 28937 | Elf:2    | Found a runed gate.
 28937 | Elf:2    | Found a runed gate.
 28937 | Elf:2    | Found a runed gate.
 28953 | Elf:2    | Noticed Aizul
 28961 | Elf:2    | Noticed Nikola
 28968 | Elf:2    | Killed Aizul
 28983 | Elf:2    | Killed Nikola
 29043 | Elf:2    | Noticed Saint Roka
 29055 | Elf:2    | Killed Saint Roka
 29269 | Elf:2    | Reached XP level 20. HP: 86/168 MP: 18/34
 29896 | Lair:5   | Your ally Koronagh died
 29945 | Slime:1  | Entered Level 1 of the Pits of Slime
 29985 | Slime:1  | Gained mutation: You are dopey. (Int -2) [a shining eye]
 30224 | Slime:3  | Gained Oreg as an ally
 30268 | Slime:4  | Gained mutation: You are very dopey. (Int -4) [a shining eye]
 30269 | Slime:4  | Gained mutation: Your body sometimes deteriorates upon taking damage. [a shining eye]
 30298 | Slime:5  | Entered Level 5 of the Pits of Slime
 30322 | Slime:5  | Your ally Oreg died
 30331 | Slime:5  | Gained mutation: You tend to lose your temper in combat. [a shining eye]
 30356 | Slime:5  | Your ally Orgrim died
 30411 | Slime:5  | Noticed the Royal Jelly
 30423 | Slime:5  | Killed the Royal Jelly
 30423 | Slime:5  | Gained Spirok as an ally
 30435 | Slime:5  | Your ally Olfik died
 30445 | Slime:5  | Your ally Spirok died
 30456 | Slime:5  | Your ally Nordag died
 30458 | Slime:5  | Your ally Gorg died
 30467 | Slime:5  | Your ally Olfik died
 30805 | Slime:5  | Identified the ring of the Exiled Yaks {+Blink rPois rC- MR+} (You found it on level 5 of the Pits of Slime)
 30820 | Slime:5  | Got a slimy rune of Zot
 30825 | Slime:5  | Identified the +0 buckler "Uwkacs" {rC++ rN+ MR+ Dex-4} (You acquired it on level 5 of the Pits of Slime)
 30866 | Slime:5  | Identified the +1 cloak of Dramatic Exits {Str+2} (You acquired it on level 5 of the Pits of Slime)
 30873 | Slime:5  | Identified the +6 hand axe "Hueps" {protect, MR+} (You found it on level 5 of the Pits of Slime)
 30966 | Lair:5   | Lost mutation: You are very dopey. (Int -4) [potion of mutation]
 30966 | Lair:5   | Lost mutation: You tend to lose your temper in combat. [potion of mutation]
 30966 | Lair:5   | Lost mutation: Your body sometimes deteriorates upon taking damage. [potion of mutation]
 30966 | Lair:5   | Lost mutation: You are dopey. (Int -2) [potion of mutation]
 30966 | Lair:5   | Gained mutation: You are occasionally teleported next to monsters. [potion of mutation]
 30966 | Lair:5   | Gained mutation: Your flesh is cold resistant. (rC+) [potion of mutation]
 30967 | Lair:5   | Lost mutation: You are occasionally teleported next to monsters. [potion of mutation]
 30967 | Lair:5   | Lost mutation: Your flesh is cold resistant. (rC+) [potion of mutation]
 30967 | Lair:5   | Gained mutation: You are robust. (+10% HP) [potion of mutation]
 30967 | Lair:5   | Gained mutation: Your flesh is cold resistant. (rC+) [potion of mutation]
 31061 | Lair:1   | Gained Marbork as an ally
 31180 | Vaults:1 | Entered Level 1 of the Vaults
 31558 | Vaults:1 | Gained Orgrim as an ally
 31562 | Vaults:1 | Your ally Orgrim died
 31740 | Vaults:1 | Cast into level 3 of the Abyss (a wizard)
 31742 | Abyss:3  | Found a corrupted altar of Lugonu.
 31749 | Abyss:3  | Found a shattered altar of Ashenzari.
 31955 | Abyss:3  | Gained mutation: Your magical capacity is low. (-10% MP) [a cacodemon]
 31976 | Abyss:3  | Gained mutation: You are weak. (Str -2) [a cacodemon]
 32008 | Vaults:1 | Escaped the Abyss
 32131 | Vaults:2 | Reached XP level 21. HP: 159/191 MP: 23/32
 32258 | Vaults:2 | p0werm0de: dat EV
 32333 | Vaults:2 | Found a magical portal.
 32394 | WizLab   | Entered The Chambers of the Cloud Mage
 32795 | WizLab   | Reached skill level 15 in Fire Magic
 32822 | WizLab   | Gained Koronagh as an ally
 32892 | WizLab   | Your ally Koronagh died
 32908 | WizLab   | Got a sparkling lead ring
 32921 | WizLab   | Identified the ring of Ellaoq {+Fly Str+2 Dex-3 Slay+3 SInv} (You took it off a spriggan air mage in a wizard's laboratory)
 32925 | WizLab   | Got an opalescent robe
 32938 | WizLab   | Identified the +4 robe of the Shrike {rPois Int+4} (You took it off a Cloud Mage in a wizard's laboratory)
 32961 | WizLab   | Identified the Catalogue of Feathery Stolen Souls
 32967 | WizLab   | Identified the Almanac of Weightlessness
 33797 | Vaults:3 | Found Koujoull's Gadget Shop.
 34146 | Vaults:3 | Reached skill level 10 in Dodging
 34172 | Vaults:3 | Found a staircase to the Crypt.
 34177 | Vaults:3 | Reached skill level 1 in Necromancy
 34182 | Vaults:3 | Reached skill level 1 in Charms
 34338 | Vaults:4 | Reached XP level 22. HP: 199/199 MP: 27/33
 34477 | Vaults:4 | Noticed Mennas
 34758 | Vaults:3 | Killed Mennas
 34838 | Vaults:4 | Reached skill level 15 in Invocations
 35398 | Vaults:5 | Entered Level 5 of the Vaults
 35471 | Vaults:5 | Noticed a golden dragon
 35479 | Vaults:5 | Killed a golden dragon
 35547 | Vaults:5 | Reached XP level 23. HP: 206/206 MP: 9/34
 35548 | Vaults:5 | Gained Milork as an ally
 35562 | Vaults:5 | Your ally Milork died
 35571 | Vaults:5 | Your ally Marbork died
 35831 | Vaults:5 | Found the amulet of the Four Winds {rN+ MR+++ Clar}
 35843 | Vaults:5 | Identified the -3 helmet "Qogix" {rN+} (You acquired it on level 5 of the Vaults)
 35862 | Vaults:5 | Got a silver rune of Zot
 35935 | Vaults:5 | Noticed Frederick
 35947 | Vaults:5 | Killed Frederick
 36051 | Vaults:5 | Noticed a golden dragon
 36074 | Vaults:5 | Killed a golden dragon
 36148 | Vaults:5 | Found Ydycvuymn's Food Emporium.
 36148 | Vaults:5 | Found Kiuheob's Magic Scroll Shop.
 36159 | Vaults:5 | Bought a scroll of blinking for 112 gold pieces
 36159 | Vaults:5 | Bought a scroll of magic mapping for 52 gold pieces
 36159 | Vaults:5 | Bought a scroll of magic mapping for 52 gold pieces
 36159 | Vaults:5 | Bought a scroll of blinking for 112 gold pieces
 36159 | Vaults:5 | Bought a scroll of identify for 30 gold pieces
 36159 | Vaults:5 | Bought a scroll of fog for 30 gold pieces
 36159 | Vaults:5 | Bought a scroll of fog for 30 gold pieces
 36159 | Vaults:5 | Bought a scroll of identify for 30 gold pieces
 36169 | Vaults:5 | Found Sigi's Magic Scroll Shop.
 36205 | Vaults:5 | Bought a scroll of teleportation for 48 gold pieces
 36205 | Vaults:5 | Bought a scroll of teleportation for 48 gold pieces
 36205 | Vaults:5 | Bought a scroll of identify for 32 gold pieces
 36218 | Vaults:5 | Identified the +0 helmet of Zecw {+Fly Dex+4} (You acquired it on level 5 of the Vaults)
 36311 | Vaults:5 | Learned a level 5 spell: Borgnjor's Vile Clutch
 36365 | Vaults:5 | Identified the ring "Ynoinnokkel" {rPois rF- rC+++ Dex-5 SInv} (You took it off a yaktaur on level 5 of the Vaults)
 36605 | Vaults:5 | Found Ogief's General Store.
 36612 | Vaults:5 | Identified the +2 chain mail of the Catamount {Slay+3 SInv} (You found it on level 5 of the Vaults)
 36614 | Vaults:5 | Bought a wand of clouds (6) for 390 gold pieces
 36614 | Vaults:5 | Bought a scroll of blinking for 97 gold pieces
 36614 | Vaults:5 | Bought a wand of acid (6) for 260 gold pieces
 36726 | Vaults:5 | Identified the ring of the Lily {rElec EV+6 Str+2 Dex+8 Stlth+} (You took it off a deep elf elementalist on level 5 of the Vaults)
 36727 | Vaults:5 | :O
 36843 | Vaults:5 | Noticed a juggernaut
 36853 | Vaults:5 | Killed a juggernaut
 37054 | Depths:1 | Entered Level 1 of the Depths
 37093 | Depths:1 | Found Meungue's Armour Shop.
 37096 | Depths:1 | Found Tiestisi's Distillery.
 37096 | Depths:1 | Found Jamiex's Distillery.
 37099 | Depths:1 | Found Egaomaloss's Jewellery Boutique.
 37112 | Depths:1 | Bought a potion of invisibility for 128 gold pieces
 37112 | Depths:1 | Bought a potion of curing for 48 gold pieces
 37112 | Depths:1 | Bought a potion of heal wounds for 80 gold pieces
 37112 | Depths:1 | Bought a potion of agility for 64 gold pieces
 37112 | Depths:1 | Bought a potion of mutation for 128 gold pieces
 37112 | Depths:1 | Bought a potion of magic for 128 gold pieces
 37112 | Depths:1 | Bought a potion of brilliance for 64 gold pieces
 37112 | Depths:1 | Bought a potion of cancellation for 128 gold pieces
 37112 | Depths:1 | Bought a potion of mutation for 128 gold pieces
 37112 | Depths:1 | Bought a potion of ambrosia for 128 gold pieces
 37112 | Depths:1 | Bought a potion of brilliance for 64 gold pieces
 37127 | Depths:1 | Bought a potion of might for 88 gold pieces
 37127 | Depths:1 | Bought a potion of haste for 220 gold pieces
 37127 | Depths:1 | Bought a potion of haste for 220 gold pieces
 37127 | Depths:1 | Bought a potion of might for 88 gold pieces
 37127 | Depths:1 | Bought a potion of ambrosia for 176 gold pieces
 37127 | Depths:1 | Bought a potion of curing for 66 gold pieces
 37173 | Depths:1 | 4thArraOfDagon: zajebisty pierscionek
 37173 | Depths:1 | 4thArraOfDagon: f - ring of the Lily {rElec EV+6 Str+2 Dex+8 Stl
 37264 | Depths:1 | Found a glowing silver altar of Zin.
 37281 | Depths:1 | Reached XP level 24. HP: 214/214 MP: 27/34
 37454 | Depths:1 | Found a gateway to Hell.
 37484 | Depths:2 | Identified the +0 chain mail "Rologiv" {rF+ rC+} (You found it on level 2 of the Depths)
 37544 | Depths:2 | Found a one-way gate to the infinite horrors of the Abyss.
 37563 | Depths:2 | Found the +2 pair of boots of the Assassin {Detection Stab+ Stlth++}
 37648 | Depths:2 | Found a gateway to a ziggurat.
 37926 | Depths:2 | Gained Judas as an ally
 37965 | Depths:2 | Thaneod: lipa
 38017 | Depths:2 | Thaneod: brakuje slay +6 i str
 38023 | Depths:2 | Thaneod: +10:P
 38046 | Depths:2 | Your ally Judas died
 38202 | Depths:2 | Gained Beowulf as an ally
 38212 | Depths:2 | Your ally Beowulf died
 38388 | Depths:2 | Learned a level 1 spell: Apportation
 38543 | Depths:3 | Found a one-way gate leading to the halls of Pandemonium.
 38914 | Depths:3 | Gained Boghold as an ally
 38915 | Depths:3 | Noticed a juggernaut
 38920 | Depths:3 | Killed a juggernaut
 38928 | Depths:3 | Your ally Boghold died
 39016 | Depths:3 | 4thArraOfDagon: ale te orki daremne xd
 39120 | Depths:3 | Gained Ogrik as an ally
 39284 | Depths:3 | Your ally Ogrik died
 39285 | Depths:3 | Got a bound turquoise ring
 39287 | Depths:3 | Identified the ring "Nypaluss" {rElec AC+1 Str+3 Int+4} (You found it on level 3 of the Depths)
 39420 | Depths:4 | Reached XP level 25. HP: 222/222 MP: 29/35
 39613 | Depths:4 | Gained Judas as an ally
 39638 | Depths:4 | Gained Jorge as an ally
 39639 | Depths:4 | Your ally Jorge died
 39771 | Depths:4 | Your ally Judas died
 39772 | Depths:4 | Noticed a juggernaut
 39781 | Depths:4 | Killed a juggernaut
 39847 | Depths:4 | Gained Morun as an ally
 39983 | Depths:4 | Noticed a juggernaut
 39986 | Depths:4 | Killed a juggernaut
 40074 | Depths:5 | Entered Level 5 of the Depths
 40121 | Depths:5 | Thaneod: duzo mikro
 40192 | Depths:5 | Found Guuk's One-of-a-Kind Books.
 40383 | Depths:5 | Found a gate to the Realm of Zot.
 40475 | Depths:5 | 4thArraOfDagon: no
 40475 | Depths:5 | 4thArraOfDagon: gra w grze
 40616 | Depths:5 | Learned a level 2 spell: Swiftness
 40621 | Depths:5 | Learned a level 4 spell: Passage of Golubria
 40625 | Depths:5 | Learned a level 3 spell: Lesser Beckoning
 40641 | Zot:1    | Entered Level 1 of the Realm of Zot
 40907 | Zot:1    | Identified the +1 cloak of Snakes and Ladders {*Corrode rElec rN+ Dex+8} (You found it on level 1 of the Realm of Zot)
 40979 | Zot:1    | Reached XP level 26. HP: 231/231 MP: 36/36
 41300 | Zot:2    | Found a transporter.
 41301 | Zot:2    | Found the +0 mask of the Dragon {MR+ Slay+3 SInv}
 41302 | Zot:2    | Found the +4 arc blade {discharge, rElec}
 41324 | Zot:2    | Found a transporter.
 41389 | Zot:2    | Identified the amulet "Buwe" {Inacc Str+2 Int+2} (You found it on level 2 of the Realm of Zot)
 42163 | Zot:2    | Your ally Morun died
 42236 | Zot:2    | Got a pitted scale mail
 42249 | Zot:2    | Identified the +11 scale mail "Wuehuix" {+Inv MR+ Str+2 Stlth+} (You found it on level 2 of the Realm of Zot)
 42999 | Zot:4    | Gained Bolgrim as an ally
 43201 | Zot:4    | Your ally Bolgrim died
 43429 | Zot:4    | Reached XP level 27. HP: 237/237 MP: 33/36
 43526 | Zot:5    | Entered Level 5 of the Realm of Zot
 43563 | Zot:5    | Thaneod: co jakis czas patrze tylko
 43624 | Zot:5    | Identified the +2 pair of gloves of Dithmenos's Esteem {Stlth+} (You acquired it on level 5 of the Realm of Zot)
 43907 | Zot:5    | Reached skill level 27 in Invocations
 43933 | Zot:5    | Noticed an orb of fire
 43939 | Zot:5    | Gained mutation: Your magical capacity is very low. (-20% MP) [an orb of fire]
 43940 | Zot:5    | Gained mutation: You are very weak. (Str -4) [an orb of fire]
 43947 | Zot:5    | Killed an orb of fire
 44008 | Zot:4    | 4thArraOfDagon: spoko
 44388 | Depths:1 | Bought a potion of invisibility for 176 gold pieces
 44388 | Depths:1 | Bought a potion of invisibility for 176 gold pieces
 44388 | Depths:1 | Bought 2 potions of curing for 132 gold pieces
 44388 | Depths:1 | Bought a potion of experience for 1100 gold pieces
 44397 | Depths:1 | Bought a potion of berserk rage for 80 gold pieces
 44398 | Depths:1 | Reached skill level 5 in Evocations
 44520 | Zig:1    | Entered Level 1 of a ziggurat
 44539 | Zig:2    | Entered Level 2 of a ziggurat
 44558 | Zig:3    | Entered Level 3 of a ziggurat
 44562 | Zig:3    | Found the +8 demon blade "Leech" {vamp, rN+ AC-3 EV-3}
 44587 | Zig:4    | Entered Level 4 of a ziggurat
 44612 | Zig:5    | Entered Level 5 of a ziggurat
 44617 | Zig:5    | Noticed Simacuat the pandemonium lord
 44627 | Zig:5    | Killed Simacuat the pandemonium lord
 44645 | Zig:5    | Identified the +6 plate armour of Agnosticism {rElec rF+} (You found it on level 5 of a ziggurat)
 44699 | Zig:6    | Entered Level 6 of a ziggurat
 44706 | Zig:6    | Noticed Tisogown the pandemonium lord
 44720 | Zig:6    | Reached skill level 15 in Fighting
 44720 | Zig:6    | Reached skill level 1 in Translocations
 44732 | Zig:6    | Killed Tisogown the pandemonium lord
 44732 | Zig:6    | HP: 14/323 [emperor scorpion[an infernal corrupter] (5)]
 44762 | Zig:6    | Identified Imuxoiz's Incunabulum of Poison and Hexes
 44896 | Zig:7    | Entered Level 7 of a ziggurat
 45015 | Zig:8    | Entered Level 8 of a ziggurat
 45046 | Zig:8    | Found the +7 lajatang of Order {silver, rMut}
 45052 | Zig:8    | Identified Naval's Papyrus of Greatest Risks and Utility
 45149 | Zig:9    | Entered Level 9 of a ziggurat
 45240 | Zig:9    | Gained Nordag as an ally
 45257 | Zig:9    | Identified the ring "Tovau" {rCorr Str+3 Stlth+} (You found it on level 9 of a ziggurat)
 45263 | Zig:9    | Identified Sif Muna's Witchcraft, Part Six
 45327 | Zig:10   | Entered Level 10 of a ziggurat
 45392 | Zig:10   | Identified Istekh's Guide on Earthen Dark Rites
 45438 | Zig:10   | Identified the +3 morningstar "Secret Weapon" {flame, Stlth+} (You found it on level 10 of a ziggurat)
 45440 | Zig:10   | Got a twisted leather armour
 45451 | Zig:10   | Identified the +7 leather armour of the Albatross {Regen+ Str+4} (You found it on level 10 of a ziggurat)
 45453 | Zig:11   | Entered Level 11 of a ziggurat
 45585 | Zig:12   | Entered Level 12 of a ziggurat
 45592 | Zig:12   | Noticed an ancient lich
 45595 | Zig:12   | Gained Bogwik as an ally
 45595 | Zig:12   | Your ally Bogwik died
 45603 | Zig:12   | Killed an ancient lich
 45605 | Zig:12   | Found the +8 longbow "Zephyr" {speed, Dex+3 SInv}
 45623 | Zig:12   | Got a flickering pewter amulet
 45625 | Zig:12   | Identified the amulet "Buwuwela" {Reflect -Tele rElec Str+4 SH+4 SInv} (You found it on level 12 of a ziggurat)
 45701 | Zig:13   | Entered Level 13 of a ziggurat
 45781 | Zig:13   | Identified the cursed +0 cloak of Altruism {Str-5 Int+5 SInv} (You found it on level 13 of a ziggurat)
 45785 | Zig:13   | Identified the +6 scale mail "Vaveoxoj" {MR+} (You found it on level 13 of a ziggurat)
 45811 | Zig:14   | Entered Level 14 of a ziggurat
 45819 | Zig:14   | Noticed Feruasmiu the pandemonium lord
 45820 | Zig:14   | Noticed Cedghafo the pandemonium lord
 45820 | Zig:14   | Noticed Mixuedghoppe the pandemonium lord
 46064 | Crypt:1  | Entered Level 1 of the Crypt
 46069 | Crypt:1  | Noticed Bai Suzhen
 46082 | Crypt:1  | Killed Bai Suzhen
 46109 | Crypt:1  | Noticed Boris
 46115 | Crypt:1  | Noticed Jorgrun
 46124 | Crypt:1  | Killed Boris
 46125 | Crypt:1  | Killed Jorgrun
 46164 | Crypt:1  | Gained Bladwarg as an ally
 46314 | Crypt:1  | Found a huge runed gate.
 46314 | Crypt:1  | Found a huge runed gate.
 46314 | Crypt:1  | Found a huge runed gate.
 46314 | Crypt:1  | Found a huge runed gate.
 46321 | Crypt:1  | Found a huge runed gate.
 46321 | Crypt:1  | Found a huge runed gate.
 46321 | Crypt:1  | Found a huge runed gate.
 46324 | Crypt:1  | Found a huge runed gate.
 46330 | Crypt:1  | Found a huge runed gate.
 46330 | Crypt:1  | Found a huge runed gate.
 46335 | Crypt:1  | Noticed an ancient lich
 46336 | Crypt:1  | Noticed an ancient lich
 46336 | Crypt:1  | Noticed an ancient lich
 46341 | Crypt:1  | Killed an ancient lich
 46341 | Crypt:1  | Killed an ancient lich
 46345 | Crypt:1  | Your ally Bladwarg died
 46470 | Crypt:1  | Killed an ancient lich
 46752 | Crypt:2  | Gained Argrim as an ally
 46773 | Crypt:2  | Gained Arbolt as an ally
 46774 | Crypt:2  | Gained Morguth as an ally
 46782 | Crypt:2  | Your ally Argrim died
 46833 | Crypt:2  | Your ally Morguth died
 47103 | Crypt:3  | Entered Level 3 of the Crypt
 47334 | Crypt:3  | Found a basalt altar of Yredelemnul.
 47530 | Crypt:3  | Identified the +5 plate armour of the Equator {Str+9 Stlth-} (You acquired it on level 3 of the Crypt)
 47725 | Crypt:3  | Found a staircase to the Tomb.
 47725 | Crypt:3  | Noticed a greater mummy
 47741 | Crypt:3  | Killed a greater mummy
 47741 | Crypt:3  | Reached skill level 15 in Earth Magic
 47745 | Crypt:3  | Identified the Disquisition on Stolen Souls
 47760 | Tomb:1   | Entered Level 1 of the Tomb of the Ancients
 47980 | Tomb:1   | Gained Murdo as an ally
 47982 | Tomb:1   | Your ally Arbolt died
 47986 | Tomb:1   | Your ally Murdo died
 47990 | Tomb:1   | Your ally Nordag died
 48354 | Tomb:1   | Noticed a greater mummy
 48363 | Tomb:1   | Killed a greater mummy
 48363 | Tomb:1   | Noticed a greater mummy
 48550 | Tomb:1   | Killed a greater mummy
 48718 | Tomb:2   | Noticed Jory
 48719 | Tomb:2   | Noticed a greater mummy
 48719 | Tomb:2   | Noticed a greater mummy
 48719 | Tomb:2   | Noticed an ancient lich
 48719 | Tomb:2   | Noticed a greater mummy
 48720 | Tomb:2   | Gained Dorog as an ally
 48722 | Tomb:2   | Your ally Dorog died
 48751 | Tomb:2   | Killed a greater mummy
 48835 | Tomb:2   | Killed an ancient lich
 48909 | Tomb:2   | Killed Jory
 48916 | Tomb:2   | Killed a greater mummy
 49130 | Tomb:2   | Killed a greater mummy
 49428 | Tomb:3   | Entered Level 3 of the Tomb of the Ancients
 49448 | Tomb:3   | Noticed a greater mummy
 49477 | Tomb:3   | Noticed a greater mummy
 49607 | Tomb:3   | Noticed an ancient lich
 49617 | Tomb:3   | Killed an ancient lich
 49750 | Tomb:3   | Noticed a greater mummy
 49756 | Tomb:2   | Killed a greater mummy
 49860 | Tomb:3   | Killed a greater mummy
 49981 | Tomb:3   | Killed a greater mummy
 49993 | Tomb:3   | Reached skill level 27 in Fighting
 50025 | Tomb:3   | Identified the Catalogue of Arcane Weapons and Cold
 50034 | Tomb:3   | Identified the Papyrus of Toxic Unholy Secrets
 50040 | Tomb:3   | Identified the +1 robe of Untruth {rPois SInv} (You found it on level 3 of the Tomb of the Ancients)
 50048 | Tomb:3   | Identified the +1 scale mail of Imaovun {rElec Str+2 Int+2 Slay-4} (You found it on level 3 of the Tomb of the Ancients)
 50050 | Tomb:3   | Identified the +3 scale mail of Mimp {*Corrode rN+ Int+5} (You found it on level 3 of the Tomb of the Ancients)
 50087 | Tomb:3   | Identified the ring of Hivvykly {*Tele rF+++ Str+4 Int+3 Dex-2} (You found it on level 3 of the Tomb of the Ancients)
 50156 | Tomb:3   | SpeedyPerson7: !hs * hoen
 50159 | Tomb:3   | XtahuaRules: 1604. Ge0ff the Hoplite (L27 HOEn of Cheibriados), escaped with the Orb and 15 runes on 2018-03-20 19:24:45, with 20902963 points after 72630 turns and 10:13:44.
 50160 | Tomb:3   | Noticed a greater mummy
 50179 | Tomb:3   | SpeedyPerson7: !stalk
 50183 | Tomb:3   | XtahuaRules: SpeedyPerson7 the L16 DDFi^Makh in Swamp:1 (cxc tiles), 0:20:28, T:14967, runes: 1 (serpentine), defenses: 23/15/22, stats: 26/13/19, >15 skills: Axes,Invocations
 50186 | Tomb:3   | SpeedyPerson7: nvm
 50187 | Tomb:3   | Killed a greater mummy
 50188 | Tomb:3   | SpeedyPerson7: !stalk $p
 50190 | Tomb:3   | Gained Berold as an ally
 50191 | Tomb:3   | XtahuaRules: 4thArraOfDagon the L27 HOEn^Beogh in Tomb:3 (cxc tiles), 5:15:17, T:49428, runes: 4 (silver, slimy, decaying...), defenses: 18/27/0, stats: 18/26/16, >15 skills: Fighting,Axes,Fire Magic,Earth Magic,Invocations, Max skills: Invocations
 50241 | Tomb:3   | Noticed a greater mummy
 50250 | Tomb:3   | Killed a greater mummy
 50305 | Tomb:3   | Noticed a greater mummy
 50306 | Tomb:3   | Noticed an ancient lich
 50308 | Tomb:3   | Noticed a greater mummy
 50431 | Tomb:3   | Your ally Berold died
 50445 | Tomb:3   | Killed a greater mummy
 50445 | Tomb:3   | Reached skill level 27 in Axes
 50466 | Tomb:3   | Killed an ancient lich
 50481 | Tomb:3   | Killed a greater mummy
 50494 | Tomb:3   | Got a golden rune of Zot
 50513 | Tomb:3   | 4thArraOfDagon: no figurine??!!!
 51053 | Pan      | Entered Pandemonium
 51189 | Pan      | Entered the realm of Lom Lobon.
 51297 | Pan      | Gained Spirok as an ally
 51300 | Pan      | Gained Orbeogh as an ally
 51300 | Pan      | Your ally Spirok died
 51316 | Pan      | Your ally Orbeogh died
 51332 | Pan      | Noticed Lom Lobon
 51388 | Pan      | Gained Learuk as an ally
 51419 | Pan      | Gained Bladwarg as an ally
 51461 | Pan      | Your ally Bladwarg died
 51465 | Pan      | Got a magical rune of Zot
 51467 | Pan      | Your ally Learuk died
 51525 | Pan      | Entered the realm of Gloorx Vloq.
 51525 | Pan      | p0werm0de: y0y0
 51547 | Pan      | 4thArraOfDagon: eeey
 51596 | Pan      | p0werm0de: smite him to deth pls
 51596 | Pan      | p0werm0de: i wanna see
 51596 | Pan      | p0werm0de: should work with like 5 uses no?
 51596 | Pan      | p0werm0de: @??smite
 51596 | Pan      | XtahuaRules: unknown monster: "smite"
 51596 | Pan      | p0werm0de: ??smite
 51596 | Pan      | XtahuaRules: smite[1/4]: Done by orc priests and other monsters. Damage is 6+(1d11+1d12)/2 rounded down, i.e. between 7-17. Not affected by AC, EV, or resistances, but generic damage reduction effects like {damage shaving} work. If you can see a smiting monster, then it can smite you, unless it's behind a translucent wall; this is what "smite targetting" means.
 51628 | Pan      | p0werm0de: https://soundcloud.com/buntewasser/tumpel-tapes-010-matschi-elf
 51629 | Pan      | p0werm0de: https://soundcloud.com/derbombenleger/bombenleger-at-raving-berlin-w-alfred-heinrichs-und-anna-reusch-im-arm-kassel-16-06-2017
 51780 | Pan      | Rhok: hlaeo
 51782 | Pan      | Noticed Gloorx Vloq
 51816 | Pan      | arkorax: heyo
 51830 | Pan      | Got a dark rune of Zot
 51866 | Pan      | Killed Gloorx Vloq
 51866 | Pan      | Reached skill level 15 in Dodging
 51962 | Pan      | Noticed Lom Lobon
 51966 | Pan      | p0werm0de: y0y0
 51984 | Pan      | p0werm0de: anyone want my mod spot in discord
 52022 | Pan      | Found an exit through the horrors of the Abyss.
 52086 | Pan      | Rhok: ye
 52096 | Pan      | Rhok: gimme p0wer
 52109 | Pan      | Rhok: and I promise to abuse it
 52123 | Depths:3 | Escaped Pandemonium
 52125 | Pan      | Entered Pandemonium
 52243 | Pan      | arkorax: hmm no suspicio
 52250 | Pan      | arkorax: *n
 52251 | Pan      | p0werm0de: i'm srs i dont like where channel is goin atm and wanna bail out mb
 52302 | Pan      | Noticed Leitt the pandemonium lord
 52303 | Pan      | Rhok: I mean, you can give it to me
 52306 | Pan      | Killed Leitt the pandemonium lord
 52310 | Pan      | Rhok: I dont deserve it, Im not suited for it
 52326 | Pan      | Rhok: it makes no sense for me to be a mod
 52327 | Pan      | p0werm0de: neither am i
 52338 | Pan      | Rhok: but by all means, throw it at me
 52339 | Pan      | Rhok: Ill pick it up
 52392 | Pan      | Rhok: and Ill ban NP7 finally
 52407 | Pan      | p0werm0de: ill talk to dogshit
 52412 | Pan      | Rhok: Kappa
 52461 | Pan      | Rhok: alright alright
 52532 | Pan      | arkorax: hmm discord drama?
 52541 | Pan      | arkorax: whats going on?
 52557 | Pan      | Reached skill level 10 in Evocations
 52774 | Pan      | Rhok: when p0 handed me the improvised knife and I tried to stab np7 in the back he turned around and punched me in the throat
 52780 | Pan      | p0werm0de: nothing much
 52785 | Pan      | Rhok: hes a karate guy
 52789 | Pan      | p0werm0de: i just wanna play again
 52818 | Pan      | p0werm0de: also gamma is adding a function where you can remove webtiles chat as option through RC
 52841 | Pan      | Rhok: -_-
 52845 | Pan      | Rhok: y
 52850 | Pan      | Noticed Icabao Lial the pandemonium lord
 52853 | Pan      | p0werm0de: id guess some veterans will make use of it
 52907 | Pan      | Rhok: goodbye, 4tharra chat, it was fun :(
 52932 | Pan      | ReniFell: why
 52975 | Pan      | Thaneod: :)
 52988 | Pan      | Entered the realm of Mnoleg.
 53209 | Pan      | arkorax: wait why disable chat :(
 53226 | Pan      | arkorax: so hard to ignore bottom right corner?
 53269 | Pan      | Noticed Mnoleg
 53280 | Pan      | Gained mutation: You do not regenerate when monsters are visible. [Mnoleg's mutagenic touch]
 53286 | Pan      | Killed Mnoleg
 53411 | Pan      | Got a glowing rune of Zot
 53452 | Pan      | Gained mutation: You tend to lose your temper in combat. [a neqoxec]
 53464 | Pan      | Lost mutation: Your flesh is cold resistant. (rC+) [potion of mutation]
 53464 | Pan      | Lost mutation: Your magical capacity is very low. (-20% MP) [potion of mutation]
 53464 | Pan      | Lost mutation: You tend to lose your temper in combat. [potion of mutation]
 53464 | Pan      | Gained mutation: You are resistant to electric shocks. (rElec) [potion of mutation]
 53464 | Pan      | Gained mutation: Your magical capacity is very low. (-20% MP) [potion of mutation]
 53464 | Pan      | Gained mutation: You are agile. (Dex +2) [potion of mutation]
 53465 | Pan      | Lost mutation: You are resistant to electric shocks. (rElec) [potion of mutation]
 53465 | Pan      | Lost mutation: You are robust. (+10% HP) [potion of mutation]
 53465 | Pan      | Lost mutation: Your magical capacity is very low. (-20% MP) [potion of mutation]
 53465 | Pan      | Lost mutation: You are very weak. (Str -4) [potion of mutation]
 53465 | Pan      | Gained mutation: You are partially covered in rugged brown scales. (AC +1, +3% HP) [potion of mutation]
 53465 | Pan      | Lost mutation: You are partially covered in rugged brown scales. (AC +1, +3% HP) [potion of mutation]
 53465 | Pan      | Gained mutation: You are somewhat resistant to further mutation. [potion of mutation]
 53466 | Pan      | Lost mutation: Your magical capacity is low. (-10% MP) [potion of mutation]
 53466 | Pan      | Lost mutation: You are weak. (Str -2) [potion of mutation]
 53466 | Pan      | Lost mutation: You are somewhat resistant to further mutation. [potion of mutation]
 53466 | Pan      | Gained mutation: You have very sharp teeth. [potion of mutation]
 53466 | Pan      | Gained mutation: You are partially covered in thin metallic scales. (AC +2) [potion of mutation]
 53466 | Pan      | Gained mutation: You have a pair of small horns on your head. [potion of mutation]
 53467 | Pan      | Lost mutation: You have a pair of small horns on your head. [potion of mutation]
 53467 | Pan      | Lost mutation: You are agile. (Dex +2) [potion of mutation]
 53467 | Pan      | Lost mutation: You do not regenerate when monsters are visible. [potion of mutation]
 53467 | Pan      | Gained mutation: You are frail. (-10% HP) [potion of mutation]
 53467 | Pan      | Gained mutation: You are occasionally teleported next to monsters. [potion of mutation]
 53467 | Pan      | Gained mutation: Your movements are slightly less encumbered by armour. (ER -2) [potion of mutation]
 53468 | Pan      | Lost mutation: Your movements are slightly less encumbered by armour. (ER -2) [potion of mutation]
 53468 | Pan      | Lost mutation: You are occasionally teleported next to monsters. [potion of mutation]
 53468 | Pan      | Lost mutation: You are frail. (-10% HP) [potion of mutation]
 53468 | Pan      | Gained mutation: Scrolls take you a little longer to read. [potion of mutation]
 53468 | Pan      | Gained mutation: You are agile. (Dex +2) [potion of mutation]
 53468 | Pan      | Gained mutation: You are surrounded by a mild repulsion field. (EV +2) [potion of mutation]
 53558 | Pan      | Noticed Lyxzear the pandemonium lord
 53568 | Pan      | Rhok: :(
 53570 | Pan      | Killed Lyxzear the pandemonium lord
 53572 | Pan      | Rhok: they gonna cast us out arko :(
 53574 | Pan      | Rhok: we no walcom
 53665 | Pan      | arkorax: rip :(
 53718 | Pan      | Got a demonic rune of Zot
 53725 | Pan      | Entered the realm of Cerebov.
 53912 | Pan      | Identified the ring of Luick {rElec MR+ Dex+4} (You found it in Pandemonium)
 53944 | Pan      | Identified the Tome of Dislocation and Shape Shifting
 53945 | Pan      | Identified the Grimoire of Conjuration and Venom
 53953 | Pan      | Learned a level 2 spell: Sublimation of Blood
 53966 | Pan      | Learned a level 8 spell: Controlled Blink
 53967 | Pan      | Noticed Cerebov
 53969 | Pan      | p0werm0de: they wanna put it as option
 53977 | Pan      | p0werm0de: there seems to be problems with malicious trolls on CBRO
 53977 | Pan      | Reached skill level 5 in Translocations
 53977 | Pan      | Gained Borgk as an ally
 54027 | Pan      | Your ally Borgk died
 54039 | Pan      | Got a fiery rune of Zot
 54075 | Pan      | Gained Berold as an ally
 54102 | Pan      | Found an exit through the horrors of the Abyss.
 54103 | Pan      | Your ally Berold died
 54118 | Pan      | Took an exit into the Abyss.
 54118 | Abyss:1  | Escaped into the Abyss
 54168 | Abyss:1  | arkorax: hmm i guess its ok
 54169 | Abyss:1  | arkorax: but still :(
 54460 | Abyss:2  | Rhok: malicious trolls :(
 54519 | Abyss:2  | Rhok: ;D
 54521 | Abyss:2  | ReniFell: whats the problem of just disabling chat through page code
 54560 | Abyss:2  | Rhok: oO right, adblock can probably do it
 54589 | Abyss:2  | Rhok: you tell him its a commercial ;D
 54598 | Abyss:2  | Rhok: and he blokks
 54689 | Abyss:4  | ReniFell: what
 54713 | Abyss:4  | ReniFell: not adblock, u can make it urself in 2 clicks
 54757 | Abyss:4  | Rhok: I can?
 54827 | Abyss:4  | Reached skill level 10 in Translocations
 54918 | Abyss:4  | arkorax: protip just install script block
 54931 | Abyss:4  | arkorax: and dcss wont even open B)
 54947 | Abyss:4  | ReniFell: i mean
 54966 | Abyss:4  | Gained Gorbash as an ally
 54967 | Abyss:4  | Your ally Gorbash died
 54969 | Abyss:4  | Gained Geork as an ally
 55003 | Abyss:4  | ReniFell: u can disable it for urself, like really in 2 clicks through page code
 55005 | Abyss:4  | Identified the cursed +1 ring mail of the Storm King {Dex+2} (You found it on level 4 of the Abyss)
 55146 | Abyss:4  | Gained Bogmar as an ally
 55168 | Abyss:4  | Got an abyssal rune of Zot
 55170 | Abyss:4  | Your ally Bogmar died
 55179 | Depths:3 | Escaped the Abyss
 55235 | Hell     | Entered the Vestibule of Hell
 55235 | Hell     | Noticed Geryon
 55237 | Hell     | Rhok: ah
 55271 | Hell     | Rhok: idk it doesnt annoy me, Im pro chat
 55277 | Hell     | ReniFell: donno about other browsers tho
 55287 | Hell     | Killed Geryon
 55299 | Hell     | Found a gateway to the Iron City of Dis.
 55308 | Dis:1    | Entered Level 1 of the Iron City of Dis
 55315 | Dis:1    | ReniFell: but in chrome its like easy even for a complete noob
 55524 | Dis:2    | Gained Zartorak as an ally
 55613 | Dis:3    | Rhok: ah cool
 55627 | Dis:3    | You fall through a shaft!
 55630 | Dis:4    | Rhok: I tend to use chrome
 55652 | Dis:4    | You fall through a shaft for 2 floors!
 55658 | Dis:6    | Gained mutation: You are dopey. (Int -2) [mutagenic glow]
 55761 | Dis:6    | arkorax: can you change dcss css as well?
 55799 | Dis:7    | Entered Level 7 of the Iron City of Dis
 55869 | Dis:7    | Gained Bogwik as an ally
 55873 | Dis:7    | arkorax: nevermind :(
 56009 | Dis:7    | Rhok: dunno
 56018 | Dis:7    | Rhok: ;DD
 56060 | Dis:7    | Reached skill level 15 in Translocations
 56138 | Dis:7    | Your ally Bogwik died
 56140 | Dis:7    | ReniFell: yes u can hide everything except chat in 2 clicks as well
 56177 | Dis:7    | ReniFell: i used to do it when watching xiguana playing
 56275 | Dis:7    | Noticed Dispater
 56278 | Dis:7    | Got an iron rune of Zot
 56353 | Hell     | Gained Urtork as an ally
 56369 | Hell     | Your ally Urtork died
 56405 | Hell     | Found a gateway to the freezing wastes of Cocytus.
 56424 | Coc:1    | Entered Level 1 of Cocytus
 56641 | Coc:3    | Gained Worak as an ally
 56643 | Coc:3    | Gained Ogrik as an ally
 56646 | Coc:3    | Your ally Worak died
 56760 | Coc:7    | Entered Level 7 of Cocytus
 56767 | Coc:7    | Thaneod: also you can block chat with CSS:)
 56841 | Coc:7    | Identified the cursed ring "Ujulimuasch" {-Tele rPois Str-4 Dex+4} (You found it on level 7 of Cocytus)
 57024 | Coc:7    | ReniFell: one of russian crawl streamers used to hide nickname for some reason
 57111 | Coc:7    | Thaneod: only 8 armor?
 57114 | Coc:7    | Identified the amulet "Zyts" {RegenMP rN+ MR+ Dex+4} (You took it off a frost giant on level 7 of Cocytus)
 57166 | Coc:7    | Noticed Antaeus
 57181 | Coc:7    | Killed Antaeus
 57190 | Coc:7    | Got an icy rune of Zot
 57398 | Hell     | Found a gateway to the decaying netherworld of Tartarus.
 57407 | Tar:1    | Entered Level 1 of Tartarus
 57716 | Tar:4    | You fall through a shaft for 2 floors!
 57732 | Tar:6    | Gained Olfik as an ally
 57772 | Tar:6    | Gained Beowulf as an ally
 57782 | Tar:7    | Entered Level 7 of Tartarus
 57816 | Tar:7    | Rhok: he hid nickname?
 57818 | Tar:7    | Rhok: thats possible Oo
 57907 | Tar:7    | Got a bone rune of Zot
 57907 | Tar:7    | Your ally Olfik died
 57914 | Tar:7    | Your ally Beowulf died
 57916 | Tar:7    | Noticed Ereshkigal
 57967 | Tar:7    | rotfl
 57972 | Tar:7    | Noticed the Serpent of Hell
 58056 | Hell     | Found a gateway to the ashen valley of Gehenna.
 58066 | Geh:1    | Entered Level 1 of Gehenna
 58075 | Geh:1    | Gained Argrim as an ally
 58082 | Geh:1    | Gained Morguth as an ally
 58091 | Geh:1    | Your ally Morguth died
 58134 | Geh:3    | Your ally Argrim died
 58445 | Geh:7    | Entered Level 7 of Gehenna
 58516 | Geh:7    | Noticed Asmodeus
 58573 | Geh:7    | Killed Asmodeus
 58577 | Geh:7    | Got an obsidian rune of Zot
 58758 | Depths:5 | ReniFell: ofc
 58758 | Depths:5 | ReniFell: its easy as fuck man
 58789 | Zot:2    | Lost mutation: You are dopey. (Int -2) [potion of mutation]
 58789 | Zot:2    | Lost mutation: You are agile. (Dex +2) [potion of mutation]
 58789 | Zot:2    | Lost mutation: Scrolls take you a little longer to read. [potion of mutation]
 58789 | Zot:2    | Gained mutation: You have a pair of small horns on your head. [potion of mutation]
 58789 | Zot:2    | Gained mutation: You have an increased reservoir of magic. (+10% MP) [potion of mutation]
 58981 | Zot:5    | bullshit
 59033 | Zot:5    | Noticed an orb of fire
 59034 | Zot:5    | double bullshit
 59072 | Zot:5    | Noticed an orb of fire
 59072 | Zot:5    | Lost mutation: You have an increased reservoir of magic. (+10% MP) [an orb of fire]
 59081 | Zot:5    | Gained mutation: Your natural rate of healing is unusually fast. [an orb of fire]
 59082 | Zot:5    | Killed an orb of fire
 59086 | Zot:5    | Gained mutation: You are frail. (-10% HP) [an orb of fire]
 59088 | Zot:5    | Killed an orb of fire
 59193 | Zot:5    | Got the Orb of Zot
 59240 | Zot:5    | Noticed an ancient lich
 59248 | Zot:5    | RTF
 59265 | Zot:5    | Cast into level 5 of the Abyss (a Zot trap)
 59265 | Abyss:5  | Entered Level 5 of the Abyss
 59285 | Zot:5    | Escaped the Abyss
 59434 | Depths:4 | Noticed Xostram the pandemonium lord
 59802 | D:1      | Noticed Enuf the pandemonium lord
 59828 | D:1      | SpeedyPerson7: noooo
 59836 | D:1      | SpeedyPerson7: lost 6* at last hurdle :(
 59839 | D:1      | Killed Enuf the pandemonium lord
 59876 | D:1      | SpeedyPerson7: oO
 59897 | D:1      | SpeedyPerson7: !stalk $p
 59900 | D:1      | XtahuaRules: 4thArraOfDagon the L27 HOEn^Beogh in Abyss:5 (cxc tiles), 6:44:29, T:59285, runes: 15 (obsidian, bone, icy...), defenses: 20/38/0, stats: 24/28/19, >15 skills: Fighting,Axes,Dodging,Translocations,Fire Magic,Earth Magic,Invocations, Max skills: Fighting,Axes,Invocations
 59985 | D:1      | arkorax: rip
 59987 | D:1      | arkorax: Apostole pleb
 59989 | D:1      | SpeedyPerson7: hey arko
 59991 | D:1      | arkorax: heyo :)
 59998 | D:1      | 4thArraOfDagon: heeey
 59999 | D:$      | Escaped with the Orb!

Vault maps used:
D:1:      lightli_arrival_quake
D:2:      serial_co_window_serial, co_window_of_opportunity_a,
          co_window_of_opportunity_a, co_window_of_opportunity_a,
          co_window_paths_b, co_window_cross_1, co_window_corner_b,
          co_window_2corner, co_window_of_opportunity_c, co_window_4corner_a,
          glass_columns_b, minmay_tetromino_l2
D:3:      makhleb_blood_cavern_becter, uniq_sigmund
D:4:      lemuel_doored_altar, nicolae_tso_carved_into_rock, uniq_robin,
          uniq_natasha, uniq_blork_the_orc
D:5:      first_ration
D:6:      cheibrodos_helix_gallery, minmay_temple_entry_hall,
          nicolae_ru_path_of_blood
D:7:      nicolae_ossuary_entry_plus, kennysheep_generic_room_9
D:8:      water_maze_lemuel
D:9:      erik_lair_orcish_takeover, hangedman_fish_farm
D:10:     lemuel_oklob_altar
D:11:     portal_ice_cave_entry_pillars_2, basic_altar, wad_dig_loot
D:12:     minmay_wizard_corner, orc_0_dummy, serial_bayou, serial_bayou_lake_a,
          serial_bayou_lagoon_a, serial_bayou_pond_d, serial_bayou_shore_b
D:13:     uniq_josephine, uniq_rupert
D:14:     david_vaults_3, serial_shops, nicolae_shop_overgrown_old_shop,
          kennysheep_crisscross
D:15:     grunt_enter_depths_giant_problem, hangedman_decor_push
Lair:1:   nicolae_quartered_pool_super, beast_lair_carwin_1
Lair:3:   spider_nest_entry_a, nicolae_lair_grove_arrangements, uniq_sonja
Lair:4:   swamp_mist_pool
Lair:5:   slime_altar_2, roderic_batcave
Lair:6:   minmay_lair_end_enchanted_forest
Swamp:1:  nicolae_swamp_dense_foliage
Swamp:2:  nicolae_swamp_fairy_circle, swamp_pool1, grunt_lady_of_the_lake
Swamp:3:  evilmike_swamp_ruin_house_3, swamp_pool1
Swamp:4:  swamp_basic_johnstein, swamp_pool1, hangedman_swamp_blocks
Spider:1: guppyfry_spider_mini_1
Spider:3: uniq_donald
Spider:4: floodkiller_spider_rune_tomb
Orc:1:    basic_altar, serial_shops, shop
Orc:2:    st_orc_open, lab_entry_generic
Elf:1:    eino_elf_arrival_shootout, minmay_elf_annihilation, evilmike_minifort
Elf:2:    uniq_saint_roka, uniq_nikola, uniq_aizul
Elf:3:    minmay_elf_hall_four_x, minmay_misc_feat_pillars
Vaults:1: v_alt_pattern_2, grunt_vaults_hallway_short, vaults_room_large_hall,
          v_alt_pattern_3, vaults_room_pool, hangedman_vaults_corner,
          special_room_vaults, grunt_vaults_bifocal, v_misc_1,
          nicolae_vaults_little_squares_4, ontoclasm_vaults_ligature,
          hangedman_vaults_trim, hangedman_vaults_trim
Vaults:2: st_spiral_rooms, v_misc_28, vaults_mumra_hex,
          hangedman_vaults_capsules, nicolae_vaults_network_periphery,
          grunt_vaults_hallway_long, vaults_dpeg_encased_lava, v_misc_22,
          v_misc_24, vaults_mumra_hexcomb, vaults_room_pool, grunt_vaults_focal,
          nicolae_vaults_angled_halls, vaults_room_pools,
          lightli_enter_wizlab_magi_temple
Vaults:3: vaults_room_pools, hangedman_vaults_cutoff, v_misc_13,
          nicolae_vaults_little_squares_2, nicolae_vaults_rhombus_6,
          nicolae_vaults_rhombus_5, minmay_crypt_entry_simple_statues,
          serial_shops, shop
Vaults:4: st_eye, vaults_room_door_hall, ontoclasm_vaults_bender,
          hangedman_vaults_stream, nicolae_vaults_windows_and_doors_thing,
          grunt_vaults_trifunnel, nicolae_vaults_little_squares_5,
          nicolae_vaults_alarming, grunt_vaults_funnel, nicolae_vaults_asterisk,
          v_misc_23, uniq_mennas
Vaults:5: serial_shops, uniq_frederick
Crypt:1:  door_vault, grunt_crypt_arrival_guarded_gate, uniq_boris,
          uniq_jorgrun, uniq_bai_suzhen
Crypt:2:  serial_sigils_hangedman_stare, fountainhead, st_stairs_11
Crypt:3:  evilmike_haunted_forest
Tomb:2:   uniq_jory
Depths:1: old_standard_altar, hell_entry, kennysheep_generic_room_11,
          minmay_shoptagon
Depths:2: grunt_runaround, abyss_entry, hell_entry
Depths:3: evilmike_diamond_1, grunt_mini_vestibule,
          infiniplex_staircase_spiral_double, pan_entry
Depths:4: minmay_quantized_circle, hangedman_coc_ice_floe, serial_bayou_pond_d,
          abyss_entry, kennysheep_nondecorative_pillar
Depths:5: grunt_crosshair, roderic_lattice_a, pf_hell_entry_tar_river,
          nicolae_rare_books
Dis:4:    evilmike_ambush
Dis:7:    dis_hangedman
Geh:7:    geh_grunt
Coc:2:    grunt_deathspiral_small
Coc:7:    coc_grunt
Tar:6:    nicolae_tar_cuneiform_not, nicolae_tar_cuneiform_sun,
          nicolae_tar_cuneiform_oil
Tar:7:    tar_old
Zot:1:    st_stairs_13
Zot:2:    lemuel_draconian_sentries_small, st_small_dragon_hoard_1,
          chequers_guarded_unrand_mask_of_the_dragon
Zot:3:    grunt_megastairs_2
Zot:4:    st_single_dragon_hoard_3
Abyss:2:  hangedman_decor_points, evilmike_abyss_exit_5
Abyss:3:  minivault_24, hangedman_abyss_or_decor_stabs
Abyss:4:  evilmike_abyss_exit_smiterflies, evilmike_abyss_rune_elephants_shrine,
          evilmike_abyss_exit_mutagenic
Abyss:5:  evilmike_abyss_exit_2, hangedman_cross_veins, evilmike_abyss_exit_12
Pan:      grunt_pan_in_and_out, evilmike_mini_pan_possible_glass,
          pan_blood_fountain_small, lom_lobon_grunt_wind_tunnels,
          gloorx_vloq_st, pan_blood_fountain_2, uniq_lom_lobon,
          evilmike_mini_pan_diamond, pan_blood_fountain_2,
          nicolae_pan_sigil_itan, nicolae_pan_gloorx_vloqian_3,
          evilmike_mini_pan_branches, pan_captured_pigsty, rand_demon_3,
          evilmike_mini_pan_V, pan_blood_fountain_small, rand_demon_4,
          nicolae_pan_sigil_obb, nicolae_pan_mnolegish_4, evilmike_mini_pan_V,
          pan_blood_fountain_2, uniq_lom_lobon, grunt_pan_in_and_out,
          grunt_pan_frozen_over, evilmike_mnoleg_eyes, nicolae_pan_sigil_itan,
          reaverb_pan_chaos_star, evilmike_mini_pan_thingy, cerebov,
          pan_blood_fountain_small, uniq_lom_lobon
Zig:8:    ziggurat_pillar_centre_c
Zig:9:    ziggurat_pillar_centre_oklobs
Lab:      labyrinth_spiral, nicolae_lab_x, nicolae_lab_statue,
          nicolae_lab_diamond, labyrinth_skeletal_remains, nicolae_lab_arrow
Ossuary:  ossuary_tomb_2
IceCv:    ice_cave_small_necro
WizLab:   wizlab_cloud

Skill      XL: |  1  2  3  4  5  6  7  8  9 10 11 12 13 14 15 16 17 18 19 20 21 22 23 24 25 26 27 |
---------------+----------------------------------------------------------------------------------+-----
Short Blades   | 2 3 |  3.1
Axes           | 2 3 4 5 7 9 11 12 13 14 16 17 18 19 21 22 23 24 25 26 27 | 27.0
Fighting       | 1 2 3 4 5 7 8 10 11 12 27 | 27.0
Armour         | 1 2 3 5 6 7 8 |  8.2
Invocations    | 1 2 3 5 7 8 9 10 11 12 13 14 15 16 17 21 25 27 | 27.0
Fire Magic     | 4 6 9 11 13 14 15 16 17 19 20 | 20.0
Conjurations   | 3 4 |  4.0
Spellcasting   | 2 3 4 5 6 7 8 9 10 11 12 13 | 13.0
Earth Magic    | 4 7 9 10 12 13 15 | 15.5
Transmutations | 3 5 7 |  7.4
Dodging        | 4 6 8 10 11 12 13 21 | 21.2
Necromancy     | 1 4 |  4.0
Charms         | 1 3 4 |  4.0
Evocations     | 12 | 12.4
Translocations | 19 | 19.4
Stealth        | |  2.4
Hexes          | |  3.0

Action                   |  1- 3 |  4- 6 |  7- 9 | 10-12 | 13-15 | 16-18 | 19-21 | 22-24 | 25-27 || total
-------------------------+-------+-------+-------+-------+-------+-------+-------+-------+-------++-------
Melee: Dagger            |    46 |     9 |       |       |       |       |       |       |       ||    55
       Hand axe          |    84 |       |   211 |   513 |       |       |       |       |       ||   808
       Trident           |       |    98 |   346 |    45 |       |       |       |       |       ||   489
       Unarmed           |       |       |     9 |       |       |       |       |       |       ||     9
       War axe           |       |       |    24 |       |       |       |       |       |       ||    24
       Executioner's axe |       |       |       |    29 |   792 |   841 |   840 |   787 |  3551 ||  6840
       Staff             |       |       |       |       |       |       |    10 |       |    31 ||    41
       Bite              |       |       |       |       |       |       |       |       |   258 ||   258
       Headbutt          |       |       |       |       |       |       |       |       |    27 ||    27
 Fire: Blowgun           |       |       |       |       |     7 |       |       |       |       ||     7
Throw: Tomahawk          |     3 |       |       |       |     1 |       |       |       |       ||     4
       Throwing net      |       |       |       |       |       |       |       |     1 |       ||     1
 Cast: Corona            |    19 |    11 |    80 |    70 |     3 |       |       |       |       ||   183
       Ensorcelled Hiber |     7 |     6 |       |       |       |       |       |       |       ||    13
       Statue Form       |       |       |       |       |    20 |    79 |    71 |    61 |   188 ||   419
       Regeneration      |       |       |       |       |    24 |    66 |    82 |    81 |   306 ||   559
       Lee's Rapid Decon |       |       |       |       |       |    13 |     4 |     4 |   162 ||   183
       Ignition          |       |       |       |       |       |       |     4 |     8 |    76 ||    88
       Apportation       |       |       |       |       |       |       |       |       |    40 ||    40
       Borgnjor's Vile C |       |       |       |       |       |       |       |       |    32 ||    32
       Sublimation of Bl |       |       |       |       |       |       |       |       |    24 ||    24
       Passwall          |       |       |       |       |       |       |       |       |    11 ||    11
       Lesser Beckoning  |       |       |       |       |       |       |       |       |    10 ||    10
       Controlled Blink  |       |       |       |       |       |       |       |       |     4 ||     4
       Passage of Golubr |       |       |       |       |       |       |       |       |     2 ||     2
Invok: Convert to Beogh  |       |     1 |       |       |       |       |       |       |       ||     1
       Smiting           |       |       |     6 |    31 |    44 |    43 |    55 |    17 |   161 ||   357
       Recall Orcish Fol |       |       |       |     3 |     3 |     4 |     4 |     6 |     7 ||    27
       Stop Recall       |       |       |       |       |       |     2 |     1 |       |       ||     3
       Give Item to Name |       |       |       |       |       |     1 |     2 |       |       ||     3
       Resurrection      |       |       |       |       |       |       |     1 |       |       ||     1
 Abil: End Transformatio |       |       |       |       |    10 |    37 |    40 |    34 |   128 ||   249
Evoke: Wand              |       |       |    14 |    30 |     7 |     2 |     5 |       |    28 ||    86
       Box of beasts     |       |       |       |       |       |       |       |     1 |    19 ||    20
       Lamp of fire      |       |       |       |       |       |       |       |     1 |     1 ||     2
       Staff of energy   |       |       |       |       |       |       |       |       |   264 ||   264
       Phantom mirror    |       |       |       |       |       |       |       |       |     5 ||     5
  Use: Scroll            |     1 |     3 |     9 |    22 |    17 |    15 |    20 |    18 |    70 ||   175
       Potion            |     1 |     1 |     1 |       |     4 |     4 |    20 |     8 |    37 ||    76
 Stab: Sleeping          |     6 |     4 |     6 |       |     4 |     3 |     1 |     8 |    38 ||    70
       Distracted        |       |       |       |     2 |     3 |     3 |     6 |     7 |    34 ||    55
       Confused          |       |       |       |       |     1 |       |       |       |       ||     1
       Paralysed         |       |       |       |       |     2 |       |       |       |     3 ||     5
       Held in net/web   |       |       |       |       |       |     1 |       |       |       ||     1
       Petrifying        |       |       |       |       |       |       |       |       |     2 ||     2
       Petrified         |       |       |       |       |       |       |       |       |     1 ||     1
  Eat: Chunk             |     5 |     7 |    14 |    19 |    25 |    36 |    27 |    33 |    44 ||   210
       Ration            |       |       |     3 |     2 |     4 |     7 |     8 |     4 |    49 ||    77
Armor: Robe              |    13 |     2 |   133 |    62 |       |       |       |       |       ||   210
       Ring mail         |    19 |    16 |       |    98 |       |       |       |       |       ||   133
       Troll leather arm |       |       |       |    14 |   351 |    45 |    26 |    30 |    23 ||   489
       Skin              |       |       |       |       |   318 |  1323 |   750 |   511 |  1467 ||  4369
       Leather armour    |       |       |       |       |       |       |       |       |   144 ||   144
Dodge: Dodged            |    82 |    32 |   278 |   228 |   724 |   979 |   861 |   943 |  6226 || 10353

Table legend:
 A = Spawn XP
 B = Non-spawn XP
 C = Spawn XP percentage of total XP
 D = Spawn monster count
 E = Non-spawn monster count
 F = Spawn count percentage of total count
 G = Total turns spent on level
                    A         B        C        D         E        F      G
               +---------+---------+-------+---------+---------+-------+---------
         Total |   88483 | 2760600 |   3.1 |     130 |    3855 |   3.3 | 59999
               +---------+---------+-------+---------+---------+-------+---------
           D:1 |       0 |      33 |   0.0 |       0 |      19 |   0.0 |  1249
           D:2 |       0 |     127 |   0.0 |       0 |      20 |   0.0 |  1257
           D:3 |       0 |     404 |   0.0 |       0 |      30 |   0.0 |  1264
           D:4 |       0 |     376 |   0.0 |       0 |      22 |   0.0 |  1101
           D:5 |       0 |     360 |   0.0 |       0 |      13 |   0.0 |   911
           D:6 |       0 |     451 |   0.0 |       0 |      11 |   0.0 |   639
           D:7 |       0 |    1472 |   0.0 |       0 |      30 |   0.0 |  1207
           D:8 |       0 |     706 |   0.0 |       0 |      14 |   0.0 |   931
           D:9 |       0 |    2179 |   0.0 |       0 |      38 |   0.0 |  2057
          D:10 |       0 |    4736 |   0.0 |       0 |      40 |   0.0 |  1275
          D:11 |       0 |    4103 |   0.0 |       0 |      41 |   0.0 |   961
          D:12 |       0 |    5372 |   0.0 |       0 |      25 |   0.0 |  1216
          D:13 |       0 |   10500 |   0.0 |       0 |      27 |   0.0 |   688
          D:14 |       0 |    8504 |   0.0 |       0 |      36 |   0.0 |   589
          D:15 |       0 |   15586 |   0.0 |       0 |      49 |   0.0 |  1058
        Lair:1 |       0 |    4165 |   0.0 |       0 |      15 |   0.0 |   359
        Lair:2 |       0 |    1838 |   0.0 |       0 |      11 |   0.0 |   350
        Lair:3 |       0 |    1747 |   0.0 |       0 |       8 |   0.0 |   411
        Lair:4 |       0 |    2530 |   0.0 |       0 |      16 |   0.0 |   603
        Lair:5 |       0 |    9514 |   0.0 |       0 |      44 |   0.0 |   540
        Lair:6 |       0 |   12866 |   0.0 |       0 |      69 |   0.0 |   605
       Swamp:1 |       0 |   17631 |   0.0 |       0 |      52 |   0.0 |   474
       Swamp:2 |       0 |    9376 |   0.0 |       0 |      24 |   0.0 |   465
       Swamp:3 |       0 |    7129 |   0.0 |       0 |      17 |   0.0 |   454
       Swamp:4 |       0 |   30885 |   0.0 |       0 |      53 |   0.0 |  1044
      Spider:1 |       0 |   17103 |   0.0 |       0 |      48 |   0.0 |  1050
      Spider:2 |       0 |    9378 |   0.0 |       0 |      40 |   0.0 |   413
      Spider:3 |       0 |   10878 |   0.0 |       0 |      23 |   0.0 |   597
      Spider:4 |       0 |   44184 |   0.0 |       0 |     111 |   0.0 |  1094
       Slime:1 |       0 |    4922 |   0.0 |       0 |      14 |   0.0 |   152
       Slime:2 |       0 |    1108 |   0.0 |       0 |       6 |   0.0 |    29
       Slime:3 |       0 |    8362 |   0.0 |       0 |      12 |   0.0 |   164
       Slime:4 |       0 |    5156 |   0.0 |       0 |      18 |   0.0 |    41
       Slime:5 |       0 |   37424 |   0.0 |       0 |      29 |   0.0 |   634
         Orc:1 |       0 |    1765 |   0.0 |       0 |      26 |   0.0 |   347
         Orc:2 |       0 |   16542 |   0.0 |       0 |      72 |   0.0 |  1189
         Elf:1 |       0 |   32310 |   0.0 |       0 |      56 |   0.0 |   817
         Elf:2 |       0 |   58674 |   0.0 |       0 |      82 |   0.0 |  1119
         Elf:3 |       0 |   59056 |   0.0 |       0 |      69 |   0.0 |  1117
      Vaults:1 |       0 |    7408 |   0.0 |       0 |      27 |   0.0 |   666
      Vaults:2 |       0 |   58678 |   0.0 |       0 |      96 |   0.0 |   975
      Vaults:3 |       0 |   34187 |   0.0 |       0 |      39 |   0.0 |  1160
      Vaults:4 |       0 |   68296 |   0.0 |       0 |      90 |   0.0 |   990
      Vaults:5 |       0 |  149379 |   0.0 |       0 |     131 |   0.0 |  1335
       Crypt:1 |       0 |   74258 |   0.0 |       0 |      61 |   0.0 |   636
       Crypt:2 |       0 |   32930 |   0.0 |       0 |      46 |   0.0 |   500
       Crypt:3 |       0 |   60943 |   0.0 |       0 |      84 |   0.0 |   676
        Tomb:1 |       0 |   40072 |   0.0 |       0 |      48 |   0.0 |  1053
        Tomb:2 |       0 |   66623 |   0.0 |       0 |      71 |   0.0 |  1125
        Tomb:3 |       0 |  112410 |   0.0 |       0 |     116 |   0.0 |   756
      Depths:1 |       0 |   19118 |   0.0 |       0 |      22 |   0.0 |   656
      Depths:2 |       0 |   79343 |   0.0 |       0 |      70 |   0.0 |  1182
      Depths:3 |       0 |   51567 |   0.0 |       0 |      59 |   0.0 |  1128
      Depths:4 |       0 |   72365 |   0.0 |       0 |      62 |   0.0 |   853
      Depths:5 |       0 |   70530 |   0.0 |       0 |      67 |   0.0 |   768
          Hell |       0 |   56256 |   0.0 |       0 |      89 |   0.0 |   333
         Dis:1 |       0 |   24847 |   0.0 |       0 |      48 |   0.0 |   184
         Dis:2 |       0 |    2547 |   0.0 |       0 |       6 |   0.0 |    37
         Dis:3 |       0 |   11656 |   0.0 |       0 |      17 |   0.0 |    98
         Dis:4 |       0 |    1696 |   0.0 |       0 |       3 |   0.0 |    25
         Dis:6 |       0 |   12436 |   0.0 |       0 |      23 |   0.0 |   147
         Dis:7 |       0 |  109358 |   0.0 |       0 |      92 |   0.0 |   537
         Geh:1 |       0 |    9964 |   0.0 |       0 |      23 |   0.0 |    51
         Geh:3 |       0 |   35301 |   0.0 |       0 |      64 |   0.0 |   162
         Geh:4 |       0 |   14086 |   0.0 |       0 |      26 |   0.0 |   112
         Geh:6 |       0 |     202 |   0.0 |       0 |       1 |   0.0 |    42
         Geh:7 |       0 |   30191 |   0.0 |       0 |      21 |   0.0 |   196
         Coc:1 |       0 |    6058 |   0.0 |       0 |       4 |   0.0 |    37
         Coc:2 |       0 |    6418 |   0.0 |       0 |      25 |   0.0 |    76
         Coc:3 |       0 |    2431 |   0.0 |       0 |       9 |   0.0 |   113
         Coc:4 |       0 |    1445 |   0.0 |       0 |       6 |   0.0 |    45
         Coc:5 |       0 |    4274 |   0.0 |       0 |      11 |   0.0 |    22
         Coc:6 |       0 |    3278 |   0.0 |       0 |       9 |   0.0 |    43
         Coc:7 |       0 |   82664 |   0.0 |       0 |      92 |   0.0 |   553
         Tar:1 |       0 |     239 |   0.0 |       0 |       4 |   0.0 |    11
         Tar:2 |       0 |    5052 |   0.0 |       0 |      12 |   0.0 |    29
         Tar:3 |       0 |   35218 |   0.0 |       0 |      33 |   0.0 |   235
         Tar:4 |       0 |     475 |   0.0 |       0 |       3 |   0.0 |    34
         Tar:6 |       0 |   24899 |   0.0 |       0 |      34 |   0.0 |    66
         Tar:7 |       0 |   16777 |   0.0 |       0 |      21 |   0.0 |   225
         Zot:1 |       0 |   21856 |   0.0 |       0 |      17 |   0.0 |   413
         Zot:2 |       0 |   69573 |   0.0 |       0 |      43 |   0.0 |  1379
         Zot:3 |       0 |   45073 |   0.0 |       0 |      29 |   0.0 |   659
         Zot:4 |       0 |   50223 |   0.0 |       0 |      31 |   0.0 |   677
         Zot:5 |       0 |  145068 |   0.0 |       0 |      59 |   0.0 |   920
       Abyss:1 |   14696 |    3828 |  79.3 |      19 |      15 |  55.9 |   128
       Abyss:2 |    3618 |   13713 |  20.9 |      10 |      28 |  26.3 |   391
       Abyss:3 |   11686 |    8009 |  59.3 |      21 |      25 |  45.7 |   277
       Abyss:4 |   29987 |   28421 |  51.3 |      47 |      65 |  42.0 |   542
           Pan |   28496 |  230340 |  11.0 |      33 |     212 |  13.5 |  3063
         Zig:1 |       0 |    3100 |   0.0 |       0 |       1 |   0.0 |    19
         Zig:2 |       0 |    3022 |   0.0 |       0 |       3 |   0.0 |    19
         Zig:3 |       0 |    1410 |   0.0 |       0 |       4 |   0.0 |    29
         Zig:4 |       0 |    4562 |   0.0 |       0 |       4 |   0.0 |    25
         Zig:5 |       0 |    9573 |   0.0 |       0 |       5 |   0.0 |    87
         Zig:6 |       0 |   15751 |   0.0 |       0 |       7 |   0.0 |   197
         Zig:7 |       0 |    9603 |   0.0 |       0 |       9 |   0.0 |   119
         Zig:8 |       0 |   14020 |   0.0 |       0 |       9 |   0.0 |   134
         Zig:9 |       0 |   15058 |   0.0 |       0 |      25 |   0.0 |   178
        Zig:10 |       0 |   23505 |   0.0 |       0 |      14 |   0.0 |   126
        Zig:11 |       0 |   20774 |   0.0 |       0 |      15 |   0.0 |   132
        Zig:12 |       0 |   24174 |   0.0 |       0 |      20 |   0.0 |   116
        Zig:13 |       0 |   21338 |   0.0 |       0 |      38 |   0.0 |   110
           Lab |       0 |    1970 |   0.0 |       0 |       5 |   0.0 |   247
       Ossuary |       0 |     267 |   0.0 |       0 |      29 |   0.0 |   602
         IceCv |       0 |    1488 |   0.0 |       0 |      16 |   0.0 |   373
        WizLab |       0 |   19554 |   0.0 |       0 |      32 |   0.0 |   642
               +---------+---------+-------+---------+---------+-------+---------
